Cogmind - Beta 16.1 @@@ ROGUE MODE // 2026.01.04 @ 13:00:12 Player: H3-MLN Result: Escaped! Performance ------------- Evolutions (9) 4500 Regions Visited (25) 5000 Robots Destroyed (405) 2025 Value Destroyed (17681) 17681 Prototype IDs (100) 2000 Alien Tech Used (3) 600 Bonus (41138) 41138 TOTAL SCORE: 72944 Bonus ------- Triggered High Security 2000 High Alert Combat Kills 7869 Follower Combat Kills 18316 Hunted by Unchained 2000 Destroyed Unchained 1000 Subatomizer Sterilization 3000 Network Hubs Disabled 600 Registered with UFD 300 Met Zhirov 300 Built Enhanced Grunts 300 A7 Reached Mainframe 300 Met R17 at Cetus 500 Acquired SGEMP 2000 Delivered SGEMP 2000 Win 3000 Friendly Fire -2347 Cogmind --------- Core Integrity 974/1600 Matter 441/550 Energy 340/350 System Corruption 10% Temperature Cool (4) Movement Treading (145) Location To Epsilon Eridani Parts ------- > --- POWER (2) -------- Quantum Reactor > --- PROPULSION (8) --- Advanced Heavy Treads > --- UTILITY (13) ----- Advanced Heat Sink Large Storage Unit Matter Compressor Advanced Sensor Array Advanced Signal Interpreter Advanced Targeting Computer Advanced Target Analyzer Core Analyzer Advanced Weapon Cycler Improved Core Shielding Graphene Brace > --- WEAPON (2) ------- Heavy Gatling Laser Enhanced Nova Cannon > --- INVENTORY (15) --- Advanced Weapon Cycler Gamma Rifle Heavy Gatling Laser Multirail Enhanced Hardcell Cannon Micro-nuke Launcher IN-MT5's Pitchfork "Insurrection" (17) Peak State ------------ > --- POWER ------------ Quantum Reactor Reinforced Quantum Reactor > --- PROPULSION ------- Armored Heavy Treads Armored Heavy Treads Advanced Heavy Siege Treads Centrium Leg Centrium Wheel > --- UTILITY ---------- Advanced Cooling System Advanced Cooling System Large Storage Unit Matter Compressor Advanced Sensor Array Advanced Signal Interpreter Advanced Targeting Computer Advanced Target Analyzer Core Analyzer Advanced Weapon Cycler Advanced Weapon Cycler Graphene Brace Advanced Force Field > --- WEAPON ----------- Enhanced Nova Cannon Multirail > --- INVENTORY -------- Quantum Reactor Advanced Force Field Subatomic Replicator Gamma Rifle Heavy Gatling Laser Heavy Gatling Laser Heavy Gatling Laser Heavy Gatling Laser Heavy Gatling Laser Enhanced Quantum Rifle Enhanced Nova Cannon Enhanced Nova Cannon Railgun Micro-nuke Launcher IN-MT5's Pitchfork "Insurrection" [Rating: 191] Favorites ----------- Power Subdweller Power Source Engine Subdweller Power Source Power Core Micro Fission Core Reactor Compact Particle Reactor Propulsion Gravmag Array Treads Spiked Treads Leg Heavy Armored Exoskeleton Wheel Wheel Hover Unit Gravmag Array Flight Unit Flight Unit Utility Advanced Signal Interpreter Device Long-range Sensor Array Storage High-capacity Storage Unit Processor Advanced Signal Interpreter Hackware Advanced Hacking Suite Protection Centrium Medium Armor Plating Weapon Subdweller Beam Cannon Energy Gun Advanced Variable Charge Gun Energy Cannon Subdweller Beam Cannon Ballistic Gun Hypervelocity Coil Gun Ballistic Cannon Slug Cannon Launcher Precision Rocket Launcher Special Weapon Shield Trident Impact Weapon Shock Maul Slashing Weapon Plasma Sword Piercing Weapon Lance Special Melee Weapon Improved Datajack Build | -11 -10 -10 -10 -9 -6 -6 -6 -6 -6 -5 -5 -5 -5 -5 -5 -4 -4 -4 -4 -3 -3 -2 -2 -2 -1 ------- Run | Yrd Mat Min Sub Scr Fac Ext Cet Arc Hub Fac Was Fac Upp Upp Zhi Pro Fac Arm Lab Res Tes Res Qua Frg Acc Slots Evolved 18 | . . . . . 8 . . . . 2 . . . . . . 2 . . 2 . 2 . . 2 Power 1 | . . . . . 1 . . . . . . . . . . . . . . . . . . . . Propulsion 6 | . . . . . 3 . . . . 1 . . . . . . 1 . . . . 1 . . . Utility 11 | . . . . . 4 . . . . 1 . . . . . . 1 . . 2 . 1 . . 2 Weapon . | . . . . . . . . . . . . . . . . . . . . . . . . . . Parts Attached 389 | 7 10 1 21 6 67 13 5 2 8 14 7 13 2 . 5 . 13 20 1 44 27 33 . 5 65 Power 51 | 1 2 . 4 . 9 1 . . . 3 . 2 1 . 1 . 2 3 . 5 7 3 . 2 5 Engine 18 | 1 2 . 4 . 7 . . . . . . 1 . . . . . . . 1 1 1 . . . Core 9 | . . . . . 2 . . . . 3 . 1 1 . . . 1 1 . . . . . . . Reactor 24 | . . . . . . 1 . . . . . . . . 1 . 1 2 . 4 6 2 . 2 5 Propulsion 102 | 2 2 . 4 1 21 1 2 . 1 . 3 2 . . 2 . 4 6 1 16 3 11 . 2 18 Treads 16 | 1 1 . 2 . 1 . 1 . . . 1 . . . . . 1 2 . . . . . . 6 Leg 12 | . . . . . . . . . . . 1 . . . 2 . 2 4 . 1 1 . . . 1 Wheel 25 | 1 1 . 1 . 11 . . . . . . . . . . . 1 . . 1 . . . . 9 Hover 21 | . . . . 1 8 1 1 . 1 . . 2 . . . . . . 1 3 . 1 . . 2 Flight 28 | . . . 1 . 1 . . . . . 1 . . . . . . . . 11 2 10 . 2 . Utility 148 | 2 4 . 2 2 24 6 1 2 4 6 2 6 1 . 2 . 5 7 . 19 10 13 . 1 29 Device 68 | 1 . . 1 . 9 2 . 1 1 2 1 5 1 . 1 . 4 4 . 10 6 5 . . 14 Storage 16 | 1 2 . . . 1 1 . . . 2 . . . . . . 1 . . 1 1 2 . . 4 Processor 26 | . 1 . . 1 7 2 . . . . . 1 . . . . . 1 . 3 1 1 . 1 7 Hackware 19 | . . . . . 3 1 . 1 3 2 . . . . . . . . . 2 2 4 . . 1 Protection 19 | . 1 . 1 1 4 . 1 . . . 1 . . . 1 . . 2 . 3 . 1 . . 3 Artifact . | . . . . . . . . . . . . . . . . . . . . . . . . . . Weapon 88 | 2 2 1 11 3 13 5 2 . 3 5 2 3 . . . . 2 4 . 4 7 6 . . 13 Energy Gun 18 | . . . 5 . 2 1 1 . 1 . . . . . . . . 1 . 2 1 . . . 4 Energy Cannon 21 | . . . 2 . 2 1 . . . 2 2 . . . . . . . . 1 3 2 . . 6 Ballistic Gun 15 | 2 2 1 2 1 2 1 1 . . . . 1 . . . . . . . . . 1 . . 1 Ballistic Cannon 5 | . . . 1 . . . . . 1 . . . . . . . . 1 . . 1 . . . 1 Launcher 9 | . . . 1 . 1 . . . 1 . . 1 . . . . . 1 . 1 1 1 . . 1 Special Weapon 6 | . . . . 1 2 1 . . . . . . . . . . 1 1 . . . . . . . Impact Weapon 4 | . . . . 1 3 . . . . . . . . . . . . . . . . . . . . Slashing Weapon 1 | . . . . . . . . . . . . . . . . . 1 . . . . . . . . Piercing Weapon 5 | . . . . . . . . . . 2 . . . . . . . . . . 1 2 . . . Special Melee Weapon 4 | . . . . . 1 1 . . . 1 . 1 . . . . . . . . . . . . . Unidentified Prototypes 60 | . . . . . 4 3 4 . 4 2 3 . . . 4 . 2 3 . 13 12 4 . . 2 Parts Lost 115 | . 5 1 2 . 17 2 . 1 3 . . 1 . . . . 1 14 . 15 5 16 . 14 18 Power 19 | . 1 . . . 3 . . . 1 . . . . . . . 1 2 . 4 2 3 . . 2 Propulsion 33 | . 1 . 1 . 6 . . . . . . . . . . . . 3 . 4 . 5 . 8 5 Utility 44 | . 1 . 1 . 5 1 . 1 2 . . 1 . . . . . 8 . 4 3 5 . 5 7 Weapon 19 | . 2 1 . . 3 1 . . . . . . . . . . . 1 . 3 . 3 . 1 4 Highest Loss Streak 12 | . 2 1 1 . 11 1 . 1 2 . . 1 . . . . 1 5 . 4 1 7 . 8 12 To Critical Strikes . | . . . . . . . . . . . . . . . . . . . . . . . . . . Average Backups 12 | 3 12 18 15 5 5 14 14 14 14 14 17 16 16 16 16 16 21 20 18 17 16 11 11 8 10 Power . | . 1 1 . . . . . . . . . . . . . . . . . . . . . . . Propulsion 2 | 2 6 9 6 . . 1 2 2 2 1 2 1 2 3 3 3 3 3 3 1 . . . . . Utility 3 | . 1 2 . . 1 5 5 4 5 3 4 4 4 4 4 4 8 8 6 7 8 4 3 2 . Weapon 6 | . 3 6 7 3 2 6 6 6 6 8 8 8 8 7 7 7 7 7 8 6 6 6 7 5 8 Tool/Special . | . . . . . . . . . . . . . . . . . . . . . . . . . . Unused Backups 70 | . 2 . 18 11 5 3 3 1 2 1 1 3 . 1 2 . 2 4 . 1 1 . . . 9 Power 4 | . 1 . 1 1 . . . . 1 . . . . . . . . . . . . . . . . Propulsion 16 | . . . 8 1 1 . . . . . . 1 . . 1 . . 3 . 1 . . . . . Utility 24 | . 1 . 2 5 2 3 2 1 . . 1 1 . 1 . . 2 1 . . 1 . . . 1 Weapon 25 | . . . 6 4 2 . 1 . 1 1 . 1 . . 1 . . . . . . . . . 8 Tool/Special 1 | . . . 1 . . . . . . . . . . . . . . . . . . . . . . Average Slot Usage (%) 86 | . 95 98 99 95 74 85 85 85 84 86 76 84 82 82 81 82 77 77 70 81 87 79 86 62 74 Engine 6 | . 14 14 14 13 6 6 6 6 5 . 4 1 . . . . . . . . . 1 . . . Core 1 | . . . . . 3 1 . . . 7 5 5 5 5 3 . 1 3 . . . . . . . Reactor 3 | . . . . . . 4 6 6 5 1 . 3 5 5 7 11 8 5 9 8 7 5 4 3 6 Treads 6 | . 14 14 23 7 1 . . . . . 4 1 . . . . . . . . . . . . 9 Leg 2 | . . . . . . . . . . . 4 1 4 5 10 17 19 20 12 . . . . . . Wheel 1 | . 12 14 3 . 10 . . . . . . . . . . . . . . . . . . . 4 Hover 7 | . . . . 6 9 20 20 20 20 22 1 16 11 11 5 . . . 4 15 . . . . . Flight 4 | . . . 1 14 . . . . . . . . . . . . . . . 4 28 22 26 15 . Device 11 | . 3 . 5 11 11 7 5 5 . 10 11 9 11 11 11 14 15 14 15 21 18 12 18 13 21 Storage 8 | . 16 14 14 12 3 6 6 6 6 5 5 5 5 5 5 5 5 5 5 4 4 7 8 6 4 Processor 9 | . . . . . 13 24 26 26 22 11 11 15 11 11 11 7 5 5 10 11 14 13 8 9 13 Hackware 2 | . . . . . 1 . . . 7 5 5 5 5 5 5 5 5 4 . 1 7 7 8 4 1 Protection 3 | . 4 14 8 . 1 . . . . 4 4 2 5 5 4 5 5 6 4 2 . . 2 3 3 Energy Gun 1 | . . . 4 . . 4 5 6 6 . . . . . . . . 1 5 3 . . . . 1 Energy Cannon 7 | . . . 11 20 3 . . . . 2 4 1 4 5 5 5 4 3 . 1 . . 4 . 4 Ballistic Gun 3 | . 27 26 9 4 . . . . . 2 . 1 4 4 5 5 . . . . . . . . 1 Impact Weapon 2 | . . . . 2 3 5 6 5 6 . 4 4 . . . . 4 3 . 1 . . . . . Peak Build Rating 191 | 8 10 10 32 31 73 85 90 89 89 103 124 124 128 129 130 134 153 151 147 156 176 185 171 171 191 Average Rating 79 | 6 8 9 18 14 54 78 85 87 85 97 122 110 125 127 127 132 149 142 131 139 157 151 167 118 147 On Entrance 91 | . 8 10 9 31 27 72 82 86 89 84 103 124 111 124 127 130 134 150 147 95 140 159 165 167 9 Avg Prop Armor Cover (%) 8 | 15 12 10 12 4 10 . . 20 . . 17 11 4 4 4 . 2 4 . 1 4 5 . . 13 Naked Turns 1 | . . . . . . . . . . . . . . . . . . . . . . . . 1 . Heaviest Build 152 | 11 57 50 62 62 75 58 54 58 55 61 75 86 88 88 93 97 152 144 144 99 82 74 58 57 138 Greatest Support 290 | 10 10 10 40 20 74 53 56 56 56 66 90 90 90 90 150 150 175 180 180 96 69 80 62 62 290 Greatest Overweight (x) 24 | 1 5 4 15 15 5 1 1 18 1 1 24 1 1 . . . 1 . . 1 1 1 . 3 13 Average Overweight (x) . | . 3 4 1 3 . . . 6 . . 6 . . . . . . . . . . . . . 1 Largest Inventory Capacity 25 | 8 20 20 20 20 20 15 15 15 15 15 20 20 20 20 20 20 25 25 25 20 20 20 15 15 15 Average Capacity 18 | 7 18 20 20 18 11 15 15 15 15 15 19 20 20 20 20 20 24 25 24 20 20 16 15 12 12 Most Carried 25 | 7 20 20 20 20 20 15 15 15 15 15 20 20 20 20 20 20 25 25 22 20 20 20 15 15 15 Average Carried 15 | 4 13 19 19 7 10 14 14 14 14 14 19 19 19 19 19 19 24 24 20 19 19 16 14 12 10 Final Capacity 25 | 8 20 20 20 20 15 15 15 15 15 15 20 20 20 20 20 20 25 25 20 20 20 15 15 5 15 Final Carried 25 | 7 20 19 20 19 15 15 15 15 13 15 20 20 20 20 20 20 25 22 20 18 20 15 15 5 7 Class Distribution -------------------- 36% | Scavenger-Mutant 27% | Mutant 9% | Trapper-Mutant 4% | Commander-Assassin 3% | Commander-Mutant 3% | Scavenger-Ninja 3% | Scavenger-Scout Dominant Class ---------------- Mutant | -10/Materials Mutant | -10/Mines Mutant | -10/Subcaves Scavenger-Mutant | -9/Scraptown Mutant | -6/Factory Scavenger-Mutant | -6/Extension Commander-Mutant | -6/Cetus Commander-Assassin | -6/Archives Commander-Mutant | -6/Hub_04(d) Scavenger-Mutant | -5/Factory Mutant | -5/Waste Scavenger-Ninja | -5/Factory Scavenger-Mutant | -5/Upper Caves Scavenger-Mutant | -5/Upper Caves Scavenger-Mutant | -5/Zhirov Trapper-Mutant | -4/Proximity Caves Trapper-Mutant | -4/Factory Trapper-Mutant | -4/Armory Scavenger-Mutant | -4/Lab Scavenger-Scout | -3/Research Scavenger-Ninja | -3/Testing Hacker-Sprinter | -2/Research Hacker-Sprinter | -2/Quarantine Trapper-Sprinter | -2/Protoforge Scavenger-Mutant | -1/Access Resources | -11 -10 -10 -10 -9 -6 -6 -6 -6 -6 -5 -5 -5 -5 -5 -5 -4 -4 -4 -4 -3 -3 -2 -2 -2 -1 ----------- Run | Yrd Mat Min Sub Scr Fac Ext Cet Arc Hub Fac Was Fac Upp Upp Zhi Pro Fac Arm Lab Res Tes Res Qua Frg Acc Matter Collected 11241 | 300 283 32 501 70 1230 352 100 118 154 333 245 1037 245 70 . 90 479 798 . 1265 807 678 70 153 1831 Remotely . | . . . . . . . . . . . . . . . . . . . . . . . . . . Salvage Created 20989 | 201 475 99 735 18 1975 805 12 336 1050 1028 . 1545 342 90 . . 1313 1199 . 2680 914 1222 264 350 4336 Parts 803 | 13 34 2 40 2 60 13 5 19 15 40 . 47 19 2 . . 47 45 . 84 40 72 13 15 176 Haulers Intercepted 32 | . 2 . . . 3 4 . . 5 3 . 3 . . . . 3 . . 4 . 2 . . 3 Recyclers Shooed 20 | . 2 . . . 7 2 . . . 1 . 1 . . . . . . . 2 . 3 . . 2 Parts Field Recycled . | . . . . . . . . . . . . . . . . . . . . . . . . . . Retrieved Matter . | . . . . . . . . . . . . . . . . . . . . . . . . . . Parts Self-Destructed 36 | . . . 16 . . . . . . . . . 17 3 . . . . . . . . . . . Prevented 1 | . . . . . . . . . . . . . . 1 . . . . . . . . . . . Parts Restored . | . . . . . . . . . . . . . . . . . . . . . . . . . . Kills | -11 -10 -10 -10 -9 -6 -6 -6 -6 -6 -5 -5 -5 -5 -5 -5 -4 -4 -4 -4 -3 -3 -2 -2 -2 -1 ------- Run | Yrd Mat Min Sub Scr Fac Ext Cet Arc Hub Fac Was Fac Upp Upp Zhi Pro Fac Arm Lab Res Tes Res Qua Frg Acc Combat Hostiles Destroyed 245 | . 8 2 16 . 23 5 . . 4 6 . 21 9 1 . . 9 24 . 27 5 19 2 8 56 Melee 23 | . . . . . . 3 . . 1 . . 1 . . . . . 1 . 4 4 5 . 4 . Guns 40 | . 8 2 7 . 3 1 . . . . . 3 1 1 . . . 1 . 1 . 1 . . 11 Cannons 68 | . . . 8 . 5 . . . . 1 . 7 3 . . . 2 9 . 1 . 1 1 1 29 AOE 87 | . . . 1 . 10 . . . . 5 . 8 5 . . . 2 7 . 19 1 12 . 3 14 Classes Destroyed 29 | 3 4 . 4 1 6 . . . 2 . . 3 . . . . 2 1 . . 1 1 . 1 . Worker 21 | 2 . . . . 1 1 . . 2 3 . . . . . . 3 . . 3 1 . . . 5 Builder 17 | . . . . . 2 1 . . . 2 . 2 . . . . 3 . . 1 . 3 . . 3 Tunneler 5 | 3 . . . . . . . . . . . . . . . . . . . . . . . . 2 Hauler 32 | . 2 . . . 3 4 . . 5 3 . 3 . . . . 3 . . 4 . 2 . . 3 Recycler 35 | 1 1 . . . 6 1 . . 2 4 . 3 . . . . 1 . . 9 2 3 . . 2 Mechanic 2 | . . . . . . . . . . . . 1 . . . . . . . . . . . . 1 Operator 21 | . . . . . 3 1 . 9 . 1 . 1 . . . . . 1 . 1 2 . 1 . 1 Drone 1 | . . . . . . . . . . . . . . . . . . . . . . . . 1 . Turret 1 | . . . . . . . . . . . . . . . . . 1 . . . . . . . . Watcher 21 | . 2 . . . 2 . . . 1 1 . . . . . . 2 . . 3 2 2 1 3 2 Swarmer 67 | . 3 . 4 . 6 2 . . . 5 . 3 5 . . . . . . 19 . 14 . 4 2 Cutter 3 | . . . . . . . . . . . . . . . . . . . . . . 3 . . . Grunt 54 | . 5 2 1 . 9 2 . . . 1 . 5 1 . . . 1 5 . 2 1 . . . 19 Brawler 9 | . . . . . 1 . . . . . . 1 1 . . . 1 2 . . . . . . 3 Duelist 13 | . . . . . . . . . . . . 2 . . . . 1 1 . . . . . . 9 Protector 2 | . . . . . . . . . . . . . . . . . . 1 . . . . . . 1 Researcher 3 | . . . . . . . . . . . . . . . . . . . . . 3 . . . . Sentry 13 | . . . 1 . 2 1 . . 1 . . . . 1 . . 1 2 . . 1 . . . 3 Specialist 8 | . . . . . . . . . 1 . . . . . . . 1 4 . 2 . . . . . Hunter 18 | . . . . . 2 . . . 1 . . 4 . . . . 1 2 . 1 2 . 2 . 3 Programmer 38 | . . . . . 2 . . . 1 . . 4 2 . . . 1 6 . 3 1 2 . 3 13 Heavy 2 | . . . . . 1 . . . . . . . . . . . 1 . . . . . . . . Behemoth 2 | . . . . . . . . . . . . 1 . . . . . 1 . . . . . . . S7 Guard 1 | . . . . . . . . . . . . . . . . . . . . . . . . . 1 CL-0N3 Special 1 | . . . . . . . . . . . . . . . . . . . . . . . . . 1 Combat Programmer 1 | . . . . . . . . . . . . . . . . . . . . . . . . . 1 Executioner 1 | . . . . . . . . . . . . . . . . . 1 . . . . . . . . Artisan 1 | . . . 1 . . . . . . . . . . . . . . . . . . . . . . Subdweller 10 | . . . 10 . . . . . . . . . . . . . . . . . . . . . . Botcube 2 | . . . 1 1 . . . . . . . . . . . . . . . . . . . . . Tinkerer 1 | . . . . 1 . . . . . . . . . . . . . . . . . . . . . Butcher 1 | . . . . . . . . . 1 . . . . . . . . . . . . . . . . Martyr 1 | . . . . . . . . . . . . 1 . . . . . . . . . . . . . Best Kill Streak 10 | 4 2 2 2 . 9 4 . 3 3 7 . 8 6 1 . . 4 7 . 9 4 10 3 4 9 Combat Bots Only 9 | . 2 2 2 . 9 4 . . 1 5 . 7 6 1 . . 2 7 . 5 1 9 2 4 8 Max Kills in Single Turn 7 | 1 1 1 1 1 4 1 1 1 2 7 . 2 4 1 . . 2 2 . 5 1 4 1 3 5 Gunslinging . | . . . . . . . . . . . . . . . . . . . . . . . . . . Exploded 5 | . . . 1 . 4 . . . . 5 . 2 4 . . . 2 2 . 4 1 4 . 3 3 Melee 1 | . . . . . . 1 . . 1 . . 1 . . . . . 1 . 1 1 1 . 1 . Uniques/NPCs Destroyed 2 | . . . . . . 1 1 . . . . . . . . . . . . . . . . . . 6S-H0T (-6/Extension) Revision 17 (-6/Cetus) Combat | -11 -10 -10 -10 -9 -6 -6 -6 -6 -6 -5 -5 -5 -5 -5 -5 -4 -4 -4 -4 -3 -3 -2 -2 -2 -1 -------- Run | Yrd Mat Min Sub Scr Fac Ext Cet Arc Hub Fac Was Fac Upp Upp Zhi Pro Fac Arm Lab Res Tes Res Qua Frg Acc Hostile Shots Fired 2169 | . 88 14 38 3 246 32 . 5 60 12 . 104 37 10 . 3 90 412 . 209 92 96 30 129 459 Missed 745 | . 20 1 9 . 73 7 . . 23 8 . 36 10 4 . 1 34 174 . 77 44 44 16 38 126 Hits 1424 | . 68 13 29 3 173 25 . 5 37 4 . 68 27 6 . 2 56 238 . 132 48 52 14 91 333 Melee 66 | . . . . 3 . . . . . . . 6 . . . . . 15 . . . 6 . . 36 Projectile 1358 | . 68 13 29 . 173 25 . 5 37 4 . 62 27 6 . 2 56 223 . 132 48 46 14 91 297 AOE 7 | . . . 3 . . . . . . . . 2 . . . . 1 . . . . 1 . . . Critical Strikes 98 | . . . 1 . 9 5 . . 1 . . 6 2 1 . . 6 16 . 10 5 6 1 7 22 Actively Blocked 54 | . . . . . . . . . . . . . . . . . 3 16 . 2 . 3 1 7 22 Part Disruptions 7 | . . . . . . . . . . . . . . . . . . 1 . 2 . 1 . 2 1 Damage Taken 28547 | . 727 175 663 25 3009 415 15 167 731 80 34 1304 396 101 . . 1285 4618 . 2323 980 1349 242 2307 7601 Core 3985 | . 70 . 126 7 499 55 . 24 118 . . 153 49 . . . 29 226 . 442 267 214 20 1060 626 Absorbed by Shields 2920 | . . . . . 93 51 15 . . . 12 296 135 36 . . 6 71 . 510 . . 70 . 1625 Reduced by Siege Mode 301 | . . . . . . . . . . . . . . . . . . . . . . . . . 301 Redirected to Shielding 74 | . . . . . 47 27 . . . . . . . . . . . . . . . . . . . Ignored by Resistances 104 | . . . . . . . . . . . . . . . . . . . . . . . . . 104 Regen/Repaired (Parts) 5825 | . . . . . 255 . . . . 440 1411 2442 . . . . 68 1209 . . . . . . . Core Remaining (%) 50 | 100 . . . 18 . . . . 18 . . . . . . 79 . . 70 . 45 . . 10 60 Volleys Fired 970 | 15 79 11 83 4 92 21 2 36 1 16 3 82 21 14 . 6 81 101 . 67 4 14 9 6 202 Largest 2 | 2 2 2 2 1 2 2 1 2 1 1 1 2 2 2 . 1 1 2 . 2 1 1 1 1 2 Hottest 284 | 40 40 40 120 80 99 85 240 80 80 98 43 148 148 148 . 113 113 284 . 174 55 130 130 130 240 Shots Fired 1394 | 30 158 22 148 4 97 26 2 43 1 16 3 103 40 20 . 6 81 125 . 86 4 14 9 6 350 Gun 624 | 30 158 22 109 . 20 15 2 32 1 . . 26 19 6 . . 1 19 . 47 . 4 . . 113 Cannon 657 | . . . 38 2 64 1 . . . 15 . 65 19 14 . 6 73 86 . 30 . 5 9 5 225 Launcher 81 | . . . 1 . 11 . . . . 1 3 12 2 . . . 7 13 . 9 4 5 . 1 12 Special 32 | . . . . 2 2 10 . 11 . . . . . . . . . 7 . . . . . . . Kinetic 509 | 30 158 22 87 . 26 . . . . . . 26 19 6 . . 1 26 . 9 . . . . 99 Thermal 705 | . . . 60 2 69 15 2 36 1 15 . 60 19 14 . 6 47 68 . 47 . 9 1 5 229 Explosive 70 | . . . 1 . . . . . . 1 3 12 2 . . . 7 13 . 9 4 5 . 1 12 Electromagnetic 82 | . . . . . . 1 . . . . . 5 . . . . 26 11 . 21 . . 8 . 10 Impact 5 | . . . . . . . . . . . . . . . . . . 5 . . . . . . . Piercing 19 | . . . . . 2 10 . 7 . . . . . . . . . . . . . . . . . Robot Hit Streak 23 | 16 23 10 14 4 18 14 15 8 9 10 2 5 5 8 . . 6 11 . 8 . 6 1 2 21 Robot Miss Streak 8 | 3 5 2 3 . 2 2 . 3 . 1 1 3 2 1 . . 4 8 . 5 . 1 3 2 7 Penetration Max 2 | . . . . . . . . . . . . 1 1 . . . . . . . . . . . 2 Secondary Targets 4 | . 2 . 1 . 1 . . . . . . . . . . . . . . . . . . . . Max Gunslinging Chain 1 | . 1 . 1 . 1 . . . . . . . . . . . . . . . . . . . . Shots Hit Robots 1109 | 21 111 18 86 7 82 39 1 34 23 24 2 70 23 11 . . 40 86 . 86 42 34 7 28 234 Core Hits 674 | 10 33 6 30 2 60 11 1 14 3 18 2 48 14 2 . . 24 76 . 63 18 28 5 11 195 Critical Kills 22 | . . . 1 . 1 2 . . 1 . . 4 . 1 . . 4 3 . 1 . . . . 4 Critical Parts Destroyed 62 | . . . . 1 3 8 . 5 6 3 . 11 3 1 . . 1 4 . 6 . . . . 10 Critical Strikes 124 | . . . 3 1 6 22 . 10 7 6 . 15 4 2 . . 5 7 . 12 5 4 . 1 14 Burn 3 | . . . . . . 3 . . . . . . . . . . . . . . . . . . . Meltdown 9 | . . . . . 1 . . . . . . 2 . . . . 3 2 . . . . . . 1 Destroy 31 | . . . 3 . . . . . . . . 9 4 2 . . . . . . . . . . 13 Smash 47 | . . . . 1 3 10 . 5 7 3 . 4 . . . . 2 5 . 7 . . . . . Sever 11 | . . . . . . . . . . . . . . . . . . . . 5 4 2 . . . Impale 23 | . . . . . 2 9 . 5 . 3 . . . . . . . . . . 1 2 . 1 . Melee Attacks 489 | . . . . 10 35 46 15 24 35 30 . 25 . . . . 5 10 . 61 67 72 12 42 . Impact 231 | . . . . 10 34 45 15 24 35 4 . 25 . . . . 5 10 . 24 . . . . . Slashing 117 | . . . . . . . . . . . . . . . . . . . . 37 56 24 . . . Piercing 137 | . . . . . . . . . . 24 . . . . . . . . . . 11 48 12 42 . Sneak Attacks 93 | . . . . 5 5 8 . 4 10 16 . 3 . . . . 4 . . 13 9 10 2 4 . Combat Hostiles 2 | . . . . . . . . . 1 . . . . . . . . . . . 1 . . . . Follow-up Attacks 2 | . . . . . . . . . . . . . . . . . . . . . 2 . . . . Damage Inflicted 60017 | 163 906 142 1741 476 4917 1588 27 1183 1768 2246 394 4425 1062 277 . . 3066 5299 . 7036 3136 3666 571 2167 13761 Guns 8585 | 163 906 142 996 . 401 198 27 615 31 . . 131 110 36 . . . 361 . 928 . 105 . . 3435 Cannons 16456 | . . . 668 . 1770 . . . . 101 . 1841 497 241 . . 1826 2062 . 752 . 239 257 326 5876 Explosions 17704 | . . . 77 . 1727 . . . . 650 394 1603 455 . . . 838 2196 . 2650 687 1551 . 426 4450 Melee 16682 | . . . . 476 985 1261 . 480 1737 1490 . 850 . . . . 402 349 . 2706 2449 1771 314 1412 . Ramming 10 | . . . . . 2 . . . . 5 . . . . . . . . . . . . . 3 . Kinetic 7816 | 163 906 142 688 . 1625 . . . . . . 131 110 36 . . . 644 . 258 . . . . 3113 Thermal 17033 | . . . 976 . 2273 198 27 619 31 298 . 1736 497 241 . . 1055 1506 . 928 . 344 . 326 5978 Explosive 15621 | . . . 77 . . . . . . 453 394 1603 455 . . . 838 2196 . 2650 687 1551 . 426 4291 Electromagnetic 2279 | . . . . . . . . . . . . 105 . . . . 771 273 . 494 . . 257 . 379 Impact 8472 | . . . . 476 985 1261 . 480 1737 328 . 850 . . . . 402 680 . 1273 . . . . . Slashing 4065 | . . . . . . . . . . . . . . . . . . . . 1433 2007 625 . . . Piercing 4721 | . . . . . 32 129 . 84 . 1162 . . . . . . . . . . 442 1146 314 1412 . Highest Corruption 29 | . . . . . 3 3 . . 23 . . 2 . . . . 4 29 29 8 12 4 4 15 10 Average Corruption 5 | . . . . . 2 1 . . 18 . . 1 . . . . 3 10 29 4 8 2 4 8 5 Corruption Purged 5 | . . . . . . 3 . . . . . 2 . . . . . . . . . . . . . Corruption Blocked . | . . . . . . . . . . . . . . . . . . . . . . . . . . Effects 286 | . . . . . 16 13 . . 33 . . 14 . . . . 13 41 2 26 30 13 4 14 67 Message Errors 72 | . . . . . 3 3 . . 9 . . 2 . . . . 1 13 1 7 12 5 1 3 12 Matter Fused 64 | . . . . . 5 4 . . 5 . . 5 . . . . 5 7 1 7 6 2 2 2 13 Heat Flow Errors 33 | . . . . . 3 3 . . 5 . . 1 . . . . 2 3 . 3 3 2 1 2 5 Energy Discharges 30 | . . . . . 2 1 . . 5 . . 2 . . . . 2 5 . 1 2 . . 1 9 Parts Rejected 6 | . . . . . . . . . . . . . . . . . . 2 . . 1 1 . 1 1 Parts Fused 2 | . . . . . . . . . . . . . . . . . . 1 . . 1 . . . . Data Loss (minor) 33 | . . . . . 2 1 . . 4 . . . . . . . 1 4 . 2 1 1 . 3 14 Data Loss (major) 13 | . . . . . . . . . . . . 2 . . . . 2 1 . 1 3 . . 1 3 Misfires 7 | . . . . . . 1 . . . . . . . . . . . 1 . 3 . . . . 2 Alerts 10 | . . . . . 1 . . . 1 . . 1 . . . . . 1 . 2 . 2 . 1 1 Misdirections 5 | . . . . . . . . . 4 . . . . . . . . . . . 1 . . . . Weapon Failures 11 | . . . . . . . . . . . . 1 . . . . . 3 . . . . . . 7 Overload Shots 2 | . . . . . . . 1 . . . . . . . . . . 1 . . . . . . . Overflow Damage 7408 | . . . 16 213 682 711 . 476 876 665 . 389 16 . . . 275 480 . 1077 313 472 101 422 224 Projectiles 1160 | . . . 16 . 246 58 . 21 12 . . 137 . . . . 118 216 . 33 . 119 . 40 144 Explosions 723 | . . . . . 79 . . . . 30 . 14 16 . . . 6 96 . 147 10 163 . 82 80 Melee 5525 | . . . . 213 357 653 . 455 864 635 . 238 . . . . 151 168 . 897 303 190 101 300 . Knockbacks 44 | . . . . 3 11 3 . . 5 . . 2 . . . . 1 16 . 2 . . . . 1 Impact 25 | . . . . 3 11 2 . . 4 . . 2 . . . . . 1 . 2 . . . . . Kinetic 16 | . . . . . . . . . . . . . . . . . . 15 . . . . . . 1 Secondary 3 | . . . . . . 1 . . 1 . . . . . . . 1 . . . . . . . . Self-Inflicted Damage 1222 | . . . . . 286 . . . . 2 . 70 36 . . . . 323 . 106 . . . 1 398 Shots 25 | . . . . . 6 . . . . . . 1 2 . . . . 7 . 2 . . . . 7 Rammed 4 | . . . . . 1 . . . . 1 . . . . . . . . . . . . . 2 . Targets Rammed 4 | . . . . . 1 . . . . 1 . . . . . . . . . . . . . 2 . Kicked . | . . . . . . . . . . . . . . . . . . . . . . . . . . Crushed . | . . . . . . . . . . . . . . . . . . . . . . . . . . Highest Temperature 520 | . 26 59 184 64 256 254 208 204 238 216 . 312 45 17 . 66 270 383 . 520 256 227 140 168 207 Average Temperature 70 | . 9 31 33 36 65 88 89 73 81 72 . 62 18 8 . 36 70 129 . 138 55 64 56 77 58 Received Heat Transfer 3698 | . 300 102 349 . 593 27 . 45 291 9 . 246 54 38 . . 109 354 . 188 45 72 . 414 462 Effects 17 | . . . . . . . . . . . . 3 . . . . 1 5 . 7 1 . . . . Shutdowns 2 | . . . . . . . . . . . . . . . . . . . . 2 . . . . . Energy Bleed 7 | . . . . . . . . . . . . 3 . . . . 1 . . 2 1 . . . . Interference 4 | . . . . . . . . . . . . . . . . . . 4 . . . . . . . Matter Decay 1 | . . . . . . . . . . . . . . . . . . . . 1 . . . . . Damage (minor) 1 | . . . . . . . . . . . . . . . . . . 1 . . . . . . . Damage (major) 2 | . . . . . . . . . . . . . . . . . . . . 2 . . . . . Siege Activations 2 | . . . . . . . . . . . . . . . . . . . . . . . . . 2 Total Turns 41 | . . . . . . . . . . . . . . . . . . . . . . . . . 41 Longest Duration 26 | . . . . . . . . . . . . . . . . . . . . . . . . . 26 Martial Activations . | . . . . . . . . . . . . . . . . . . . . . . . . . . Shielding Activations . | . . . . . . . . . . . . . . . . . . . . . . . . . . Robots Disrupted 1 | . . . . . . . . . . . . . . . . . . . . . . . . . 1 Combat Hostiles . | . . . . . . . . . . . . . . . . . . . . . . . . . . Robots Corrupted 47 | . . . . 1 7 6 . . 10 1 . 2 . . . . 5 3 . 9 . . 1 . 2 Combat Hostiles 18 | . . . . . 4 1 . . 3 . . 1 . . . . 2 3 . 2 . . 1 . 1 Parts Fried 77 | . . . . 1 11 9 . 9 13 1 . 2 . . . . 4 6 . 14 . . 2 . 5 Impact Corruptions 115 | . . . . 7 15 19 . 10 27 3 . 9 . . . . 5 6 . 14 . . . . . Robots Melted 9 | . . . . . 1 . . . . . . 2 . . . . 3 2 . . . . . . 1 Combat Hostiles 8 | . . . . . 1 . . . . . . 1 . . . . 3 2 . . . . . . 1 Parts Melted 23 | . . . . . 2 1 . . . . . 4 2 . . . 5 4 . . . 1 . . 4 Heat Transferred 15811 | . . . 1399 . 985 812 37 839 37 311 . 1498 407 222 . . 925 1443 . 1036 . 248 . 150 5462 Parts Sabotaged . | . . . . . . . . . . . . . . . . . . . . . . . . . . Parts Stolen 1 | . . . . 1 . . . . . . . . . . . . . . . . . . . . . Parts Stripped . | . . . . . . . . . . . . . . . . . . . . . . . . . . Power Chain Reactions . | . . . . . . . . . . . . . . . . . . . . . . . . . . Alert | -11 -10 -10 -10 -9 -6 -6 -6 -6 -6 -5 -5 -5 -5 -5 -5 -4 -4 -4 -4 -3 -3 -2 -2 -2 -1 ------- Run | Yrd Mat Min Sub Scr Fac Ext Cet Arc Hub Fac Was Fac Upp Upp Zhi Pro Fac Arm Lab Res Tes Res Qua Frg Acc Maximum Alert Level 5 | . . . . . 3 4 3 2 4 5 4 5 . . . . 5 4 . 4 5 5 4 3 5 Low Security (%) 17 | 100 100 100 . . 7 . . 63 21 . . . . . . . 38 . . 36 . . . . . Level 1 12 | . . . . . 39 39 . 20 2 . . 14 . . . . 19 . . 23 . . . . . Level 2 18 | . . . . . 44 26 . 16 5 28 56 4 . . . . 7 . . 14 . . . 18 13 Level 3 21 | . . . . . 8 17 100 . 31 14 38 22 . . . . 2 44 . 20 31 6 62 81 30 Level 4 17 | . . . . . . 16 . . 38 44 5 7 . . . . 25 55 . 5 57 15 37 . 24 Level 5 5 | . . . . . . . . . . 10 . 9 . . . . . . . . 11 77 . . 6 High Security 7 | . . . . . . . . . . 2 . 41 . . . . 6 . . . . . . . 23 Max Security . | . . . . . . . . . . . . . . . . . . . . . . . . . . Sterilizations 2 | . . . . . 1 . . . . . . 1 . . . . . . . . . . . . . Peak Influence 5912 | 10 70 40 . . 865 1487 1057 494 1375 1758 1124 5912 . . . . 1782 1440 . 1296 1844 2000 1169 975 2092 Initial 1114 | . 6 . . . . 249 831 369 . 568 1100 336 . . . . . 1100 . . 729 1031 1114 645 549 Average 926 | 2 18 17 . . 437 654 974 162 845 1156 713 2401 . . . . 592 1170 . 448 1251 1736 1080 825 1296 Influence Increases 31365 | 30 243 50 224 . 1779 1922 371 330 2473 2562 84 7148 235 20 . . 2835 1513 . 2424 1903 1797 264 621 2537 Destroy 0b10 Robot/C 13180 | . 160 40 180 . 780 840 160 80 860 1180 . 2920 180 20 . . 1280 640 . 1060 940 400 40 140 1280 Destroy 0b10 Robot/NC 1010 | 30 25 . . . 95 65 10 45 70 105 . 115 . . . . 95 10 . 105 45 50 10 20 115 Destroy Leader 2400 | . 28 10 10 . 204 96 . . 254 216 . 498 40 . . . 282 130 . 164 114 58 12 36 248 Allied During Kill 7158 | . . . 19 . 113 752 170 125 886 636 . 2753 . . . . 897 76 . 292 273 7 . . 159 Trap Triggered on 0b10 50 | . . . . . 10 . . . . . . . . . . . . . . . . . . 40 . Successful Hack 1394 | . . . . . 98 51 . . 13 275 . 176 . . . . 60 88 . 214 148 150 73 48 . Select Force Hacks 100 | . . . . . . . . . 100 . . . . . . . . . . . . . . . . Disable Machine 1020 | . . . . . 270 30 15 45 60 45 . 60 . . . . 60 30 . 45 135 15 30 15 165 Destroy Structure 2438 | . . . . . 149 13 16 20 50 60 84 296 . . . . 146 264 . 294 68 357 24 72 525 Partial Spotted 495 | . . . . . 30 30 . 15 30 . . 15 . . . . . . . 15 75 195 15 75 . Lose Combat Pursuer 1620 | . 30 . 15 . 30 45 . . 150 45 . 315 15 . . . 15 75 . 135 105 465 60 75 45 Miscellaneous 500 | . . . . . . . . . . . . . . . . . . 200 . 100 . 100 . 100 . Influence Decreases 30016 | 20 253 40 234 . 1270 946 932 1253 1314 1964 1847 1716 2628 947 2592 . 1053 2106 1417 1128 1365 1649 1098 853 1391 Entered New Map 14243 | . 4 . 6 . . 260 654 555 1 592 1143 144 2188 669 2592 . . 910 1417 . 567 803 868 503 367 Time Decay 8503 | 20 212 40 208 . 620 526 238 628 413 562 664 522 440 278 . . 500 486 . 478 368 416 80 190 614 Lost Part 1117 | . 37 . 20 . 160 20 . 10 30 . . 10 . . . . 10 140 . 150 50 160 . 140 180 Lost Ally 4053 | . . . . . 190 140 40 60 420 360 40 1040 . . . . 543 120 . 350 380 120 . 20 230 Purge Threat 2100 | . . . . . 300 . . . 450 450 . . . . . . . 450 . 150 . 150 150 . . Squads Dispatched 207 | . 1 . . . 13 4 . . 23 13 . 38 . . . . 14 8 . 12 13 21 5 1 41 Investigation 42 | . 1 . . . 5 1 . . 9 5 . 3 . . . . 2 2 . 2 3 6 3 . . Extermination 36 | . . . . . 4 . . . 2 2 . 2 . . . . 5 2 . 4 3 5 1 1 5 Reinforcement 39 | . . . . . 3 2 . . 6 3 . 4 . . . . 1 . . 5 5 6 1 . 3 Assault 80 | . . . . . 1 1 . . 3 3 . 25 . . . . 6 4 . 1 2 4 . . 30 Garrison 10 | . . . . . . . . . 3 . . 4 . . . . . . . . . . . . 3 Intercept . | . . . . . . . . . . . . . . . . . . . . . . . . . . Searches Triggered . | . . . . . . . . . . . . . . . . . . . . . . . . . . Unchained Authorized 5 | . . . . . . 1 . . . . . . . . . . 1 . . 1 . 1 . . 1 Construction Impeded 7 | . . . . . 1 . . . 2 . . 3 . . . . . . . . . . . . 1 Haulers Reinforced 4 | . . . . . 1 . . . 1 . . . . . . . . . . 2 . . . . . Active Scanning Responses . | . . . . . . . . . . . . . . . . . . . . . . . . . . Cargo Convoy Interrupts 3 | . . . . . . . . . . 1 . . . . . . 1 . . 1 . . . . . Stealth | -11 -10 -10 -10 -9 -6 -6 -6 -6 -6 -5 -5 -5 -5 -5 -5 -4 -4 -4 -4 -3 -3 -2 -2 -2 -1 --------- Run | Yrd Mat Min Sub Scr Fac Ext Cet Arc Hub Fac Was Fac Upp Upp Zhi Pro Fac Arm Lab Res Tes Res Qua Frg Acc Distress Signals 35 | . 2 . . . 2 . 2 . 5 4 . 4 . . . . 4 . . 3 5 . 1 1 2 Communications Jammed 693 | . . . . . 13 51 1 . . 22 . 120 . . . . 352 11 . . 61 38 2 22 . Distress Signals 643 | . . . . . . 51 1 . . 5 . 118 . . . . 346 . . . 61 38 1 22 . Times Spotted 855 | . 18 2 24 7 45 40 9 23 48 47 4 139 10 1 . 1 89 44 . 81 44 57 11 25 86 Peak Tracking Total 18 | . 4 2 3 7 7 6 5 2 9 5 3 18 5 1 . 1 8 6 . 13 9 10 7 10 10 Tactical Retreats 58 | . 2 . 1 . 2 2 . . 5 2 . 11 1 . . . 4 5 . 4 3 10 1 2 3 ECM-based Alert Blocks 1 | . . . . . . . . . . . . . . . . . . . . . . . . . 1 Traps | -11 -10 -10 -10 -9 -6 -6 -6 -6 -6 -5 -5 -5 -5 -5 -5 -4 -4 -4 -4 -3 -3 -2 -2 -2 -1 ------- Run | Yrd Mat Min Sub Scr Fac Ext Cet Arc Hub Fac Was Fac Upp Upp Zhi Pro Fac Arm Lab Res Tes Res Qua Frg Acc Traps Triggered 31 | . 1 . . . 7 1 . . 4 3 . 4 . . . . 1 3 . 1 . 2 2 2 . Indirectly . | . . . . . . . . . . . . . . . . . . . . . . . . . . Trap Hack Attempts 29 | . . . . . . . . . . . . 29 . . . . . . . . . . . . . Triggered 1 | . . . . . . . . . . . . 1 . . . . . . . . . . . . . Disarmed 4 | . . . . . . . . . . . . . . . . . . . . . 4 . . . . Reprogrammed 17 | . . . . . 9 . . . . . . 8 . . . . . . . . . . . . . Reused 6 | . . . . 1 1 . . . . . . . . . . . . . . . . . . 4 . Traps Extracted 8 | . . . . . . . . . . . . 8 . . . . . . . . . . . . . Installed 9 | . . . . 1 . . . . . . . . . . . . . . . . . . . 8 . Triggered 5 | . . . . . 1 . . . . . . . . . . . . . . . . . . 4 . Most Traps Carried 8 | . . . . 1 . . . . . . . 8 8 8 8 8 8 8 8 8 8 8 8 8 . Objects Rigged 1 | . . . . . . . . . . . . . . . . . . . . 1 . . . . . Machines | -11 -10 -10 -10 -9 -6 -6 -6 -6 -6 -5 -5 -5 -5 -5 -5 -4 -4 -4 -4 -3 -3 -2 -2 -2 -1 ---------- Run | Yrd Mat Min Sub Scr Fac Ext Cet Arc Hub Fac Was Fac Upp Upp Zhi Pro Fac Arm Lab Res Tes Res Qua Frg Acc Machines Disabled 82 | . . . 2 4 19 2 1 3 4 3 . 7 . 1 . . 7 2 . 3 9 1 2 1 11 Max in Single Turn 5 | . . . 1 1 5 1 1 1 . 2 . 1 . 1 . . 1 1 . 1 1 1 1 1 2 Garrison Access 10 | . . . . . 2 . . . 1 2 . 2 . . . . 1 . . 1 1 . . . . Network Hub 3 | . . . . . . . . . 3 . . . . . . . . . . . . . . . . Machines Repaired 1 | . . . . . 1 . . . . . . . . . . . . . . . . . . . . Machines Dismantled . | . . . . . . . . . . . . . . . . . . . . . . . . . . Machines Sabotaged 2 | . . . . . . . . . 2 . . . . . . . . . . . . . . . . Overloaded Fab Kills . | . . . . . . . . . . . . . . . . . . . . . . . . . . Hacking | -11 -10 -10 -10 -9 -6 -6 -6 -6 -6 -5 -5 -5 -5 -5 -5 -4 -4 -4 -4 -3 -3 -2 -2 -2 -1 --------- Run | Yrd Mat Min Sub Scr Fac Ext Cet Arc Hub Fac Was Fac Upp Upp Zhi Pro Fac Arm Lab Res Tes Res Qua Frg Acc Machines Accessed 172 | . 3 . 4 1 22 11 1 . 11 20 . 10 . . 4 . 9 9 . 16 14 19 10 4 4 Terminals 96 | . 2 . . . 10 10 1 . 10 10 . 2 . . . . 1 7 . 8 8 13 8 4 2 Fabricators 22 | . . . . . 5 . . . . 5 . 2 . . . . 2 1 . 1 2 3 . . 1 Repair Stations 10 | . . . . . 2 . . . . 2 . 2 . . . . 1 1 . 2 . . . . . Recycling Units 14 | . 1 . . . 2 1 . . . . . 2 . . . . 4 . . 3 . 1 . . . Scanalyzers 9 | . . . . . 1 . . . . 1 . 1 . . . . . . . 1 3 1 1 . . Garrison Access 12 | . . . . . 2 . . . 1 2 . 1 . . . . 1 . . 1 1 1 1 . 1 Total Hacks 713 | . 9 . 8 1 62 20 1 . 34 125 . 77 . . 17 . 32 43 . 89 57 73 36 16 13 Successful 315 | . 5 . 8 1 29 10 . . 15 53 . 40 . . 17 . 12 23 . 30 21 30 13 7 1 Failed 397 | . 4 . . . 33 10 1 . 19 71 . 37 . . . . 20 20 . 59 36 43 23 9 12 Catastrophic 69 | . 1 . . . 5 4 1 . 3 13 . 2 . . . . 3 6 . 12 1 11 3 1 3 Database Lockouts 1 | . . . . . . . . . . 1 . . . . . . . . . . . . . . . Manual 230 | . 6 . . . 21 9 2 . 20 35 . 28 . 1 . . 12 15 . 32 15 13 14 7 . Terminals 392 | . 7 . . . 23 17 1 . 33 68 . 20 . . . . 3 34 . 50 38 51 27 16 4 Fabricators 112 | . . . . . 20 . . . . 35 . 13 . . . . 14 3 . 4 8 11 . . 4 Repair Stations 49 | . . . . . 5 . . . . 13 . 13 . . . . 3 6 . 9 . . . . . Recycling Units 60 | . 2 . . . 5 3 . . . . . 15 . . . . 10 . . 19 . 6 . . . Scanalyzers 44 | . . . . . 4 . . . . 5 . 15 . . . . . . . 6 7 2 5 . . Garrison Access 30 | . . . . . 5 . . . 1 4 . 1 . . . . 2 . . 1 4 3 4 . 5 Terminal Hacks 136 | . 3 . 8 1 7 5 . . 7 17 . 7 . . 17 . . 13 . 13 8 19 7 4 . Record 10 | . . . 5 . . . . . . . . . . . 5 . . . . . . . . . . Part Schematic 8 | . . . . . . . . . . 3 . . . . 4 . . . . 1 . . . . . Robot Analysis 6 | . 2 . . . . . . . . . . . . . 4 . . . . . . . . . . Prototype ID Bank 4 | . . . . . . . . . . . . . . . 4 . . . . . . . . . . Open Door 7 | . . . 1 . . 4 . . . . . . . . . . . 1 . . . 1 . . . Level Access Points 2 | . . . . . . . . . . . . 1 . . . . . . . . . . 1 . . Branch Access Points 6 | . . . . . 1 . . . . 1 . 1 . . . . . . . 1 . 2 . . . Machine Index 1 | . . . . . . . . . . . . . . . . . . . . . . 1 . . . Terminal Index 2 | . . . . . . . . . . . . 1 . . . . . . . . 1 . . . . Fabricator Index 1 | . . . . . . . . . . . . . . . . . . . . . . 1 . . . Repair Station Index 1 | . . . . . . . . . . 1 . . . . . . . . . . . . . . . Garrison Index 2 | . . . . . . . . . . 1 . . . . . . . . . 1 . . . . . Alert Level 2 | . . . . . . . . . . . . . . . . . . 2 . . . . . . . Unreport Threat 19 | . . . . . 2 . . . 3 3 . . . . . . . 5 . 2 . 2 1 1 . Locate Traps 18 | . 1 . . . 1 . . . . 4 . 2 . . . . . . . 1 3 3 2 1 . Disarm Traps 1 | . . . . . . . . . . . . . . . . . . . . . 1 . . . . Reprogram Traps 3 | . . . . . 2 . . . . . . 1 . . . . . . . . . . . . . Maintenance Status 1 | . . . . . . . . . . . . . . . . . . . . . . 1 . . . Recall Investigation 3 | . . . . . . . . . . 1 . . . . . . . . . . 1 . 1 . . Recall Extermination 2 | . . . . . . . . . . . . . . . . . . . . . . 2 . . . Recall Reinforcements 2 | . . . . . . . . . . . . . . . . . . . . 1 . 1 . . . Hauler Manifests 2 | . . . . . . . . . . 1 . . . . . . . 1 . . . . . . . Registered Components 3 | . . . . . 1 . . . . 1 . . . . . . . . . 1 . . . . . Registered Prototypes 1 | . . . . . . . . . . . . . . . . . . . . 1 . . . . . Zone Layout 26 | . . . . . . 1 . . 4 1 . 1 . . . . . 4 . 4 2 5 2 2 . Proto ID Catalog 2 | . . . 1 1 . . . . . . . . . . . . . . . . . . . . . Release Object 1 | . . . 1 . . . . . . . . . . . . . . . . . . . . . . Fabricator Hacks 40 | . . . . . 8 . . . . 13 . 4 . . . . 3 2 . 1 3 5 . . 1 Network Status 2 | . . . . . 1 . . . . 1 . . . . . . . . . . . . . . . Load Schematic 23 | . . . . . 5 . . . . 6 . 2 . . . . 2 1 . 1 2 3 . . 1 Build 15 | . . . . . 2 . . . . 6 . 2 . . . . 1 1 . . 1 2 . . . Repair Station Hacks 21 | . . . . . 3 . . . . 6 . 6 . . . . 2 2 . 2 . . . . . Scan Component 11 | . . . . . 2 . . . . 3 . 3 . . . . 1 1 . 1 . . . . . Repair 10 | . . . . . 1 . . . . 3 . 3 . . . . 1 1 . 1 . . . . . Recycling Unit Hacks 12 | . 1 . . . 1 1 . . . . . 3 . . . . 2 . . 2 . 2 . . . Report Inventory 6 | . 1 . . . . 1 . . . . . 1 . . . . 2 . . . . 1 . . . Retrieve Components 6 | . . . . . 1 . . . . . . 2 . . . . . . . 2 . 1 . . . Scanalyzer 21 | . . . . . 2 . . . . 4 . 6 . . . . . . . 2 4 2 1 . . Insert Component 5 | . . . . . 1 . . . . 1 . 2 . . . . . . . 1 . . . . . Analyze 5 | . . . . . . . . . . 1 . 4 . . . . . . . . . . . . . Retrieve Study 11 | . . . . . 1 . . . . 2 . . . . . . . . . 1 4 2 1 . . Garrison Access Hacks 9 | . . . . . 2 . . . 1 2 . 1 . . . . 1 . . 1 1 . . . . Seal Access 9 | . . . . . 2 . . . 1 2 . 1 . . . . 1 . . 1 1 . . . . Unauthorized Hacks 76 | . 1 . . . 6 4 . . 7 11 . 13 . . . . 4 6 . 9 5 2 5 3 . Terminals 43 | . . . . . 2 2 . . 7 4 . 4 . . . . . 5 . 6 4 2 4 3 . Track 10 | . . . . . . . . . . 1 . 1 . . . . . 2 . 2 1 . 1 2 . Assimilate 3 | . . . . . . 1 . . . . . . . . . . . . . 1 1 . . . . Botnet 19 | . . . . . 2 1 . . 1 2 . 1 . . . . . 2 . 2 2 2 3 1 . Detonate 1 | . . . . . . . . . . . . . . . . . . . . 1 . . . . . Disrupt 1 | . . . . . . . . . . . . 1 . . . . . . . . . . . . . Operators 3 | . . . . . . . . . . 1 . 1 . . . . . 1 . . . . . . . Sabotage 6 | . . . . . . . . . 6 . . . . . . . . . . . . . . . . Fabricators 17 | . . . . . 3 . . . . 7 . 4 . . . . 2 1 . . . . . . . Report 1 | . . . . . . . . . . 1 . . . . . . . . . . . . . . . Prioritize 9 | . . . . . 2 . . . . 2 . 2 . . . . 2 1 . . . . . . . Liberate 2 | . . . . . . . . . . 1 . 1 . . . . . . . . . . . . . Haulers 3 | . . . . . . . . . . 2 . 1 . . . . . . . . . . . . . Recompile 2 | . . . . . 1 . . . . 1 . . . . . . . . . . . . . . . Repair Stations . | . . . . . . . . . . . . . . . . . . . . . . . . . . Recycling Units 14 | . 1 . . . 1 2 . . . . . 5 . . . . 2 . . 3 . . . . . Reject 4 | . . . . . . 1 . . . . . 2 . . . . . . . 1 . . . . . Recyclers 4 | . 1 . . . . 1 . . . . . 1 . . . . . . . 1 . . . . . Mask 6 | . . . . . 1 . . . . . . 2 . . . . 2 . . 1 . . . . . Scanalyzers 2 | . . . . . . . . . . . . . . . . . . . . . 1 . 1 . . Researchers 2 | . . . . . . . . . . . . . . . . . . . . . 1 . 1 . . Garrison Access . | . . . . . . . . . . . . . . . . . . . . . . . . . . Data Cores Recovered 4 | . . . . . . 1 . . . . . . . . . . 1 1 . . . . . . 1 Used 2 | . . . . . . 1 . . . . . . . . . . . 1 . . . . . . . Hacking Detections 131 | . 2 . . . 16 9 2 . 10 18 . 9 . . . . 5 8 . 14 11 11 8 4 4 Full Trace Events 22 | . . . . . 4 1 . . 2 3 . 2 . . . . 2 1 . 1 2 3 1 . . Feedback Events 4 | . . . . . 1 . . . . . . . . . . . . . . 1 1 1 . . . Corruption 3 | . . . . . 1 . . . . . . . . . . . . . . 1 . 1 . . . Hackware Fried 1 | . . . . . . . . . . . . . . . . . . . . . 1 . . . . Feedback Blocked 1 | . . . . . 1 . . . . . . . . . . . . . . . . . . . . Robot Schematics Acquired 3 | . . . . . . . . . . . . . . . . . . . . . 3 . . . . Robots Built 2 | . . . . . . . . . . 2 . . . . . . . . . . . . . . . Authchips . | . . . . . . . . . . . . . . . . . . . . . . . . . . Time 84 | . . . . . . . . . . 84 . . . . . . . . . . . . . . . Total Robot Build Rating 12 | . . . . . . . . . . 12 . . . . . . . . . . . . . . . Part Schematics Acquired 26 | . . . . 1 . . . . . 4 . 1 . . 4 . . . . 1 15 . . . . Parts Built 15 | . . . . . 2 . . . . 5 . 3 . . . . 1 1 . . 1 2 . . . Authchips 2 | . . . . . . . . . . 2 . . . . . . . . . . . . . . . Time 822 | . . . . . 152 . . . . 342 . 64 . . . . 38 76 . . 50 100 . . . Total Part Build Rating 77 | . . . . . 10 . . . . 25 . 17 . . . . 5 5 . . 5 10 . . . Part Studies Acquired 11 | . . . . . 1 . . . . 2 . . . . . . . . . 1 4 2 1 . . Parts Repaired 10 | . . . . . 1 . . . . 3 . 3 . . . . 1 1 . 1 . . . . . Time 503 | . . . . . 50 . . . . 104 . 142 . . . . 108 54 . 45 . . . . . Parts Recycled . | . . . . . . . . . . . . . . . . . . . . . . . . . . Recycled Matter . | . . . . . . . . . . . . . . . . . . . . . . . . . . Retrieved Matter . | . . . . . . . . . . . . . . . . . . . . . . . . . . Retrieved Components 22 | . . . . . . . . . . . . 5 . . . . . . . 11 . 6 . . . Parts Scanalyzed 4 | . . . . . 1 . . . . 1 . 1 . . . . . . . 1 . . . . . Part Schematics Acquired 2 | . . . . . . . . . . 1 . 1 . . . . . . . . . . . . . Parts Damaged 1 | . . . . . . . . . . . . 1 . . . . . . . . . . . . . Bothacking | -11 -10 -10 -10 -9 -6 -6 -6 -6 -6 -5 -5 -5 -5 -5 -5 -4 -4 -4 -4 -3 -3 -2 -2 -2 -1 ------------ Run | Yrd Mat Min Sub Scr Fac Ext Cet Arc Hub Fac Was Fac Upp Upp Zhi Pro Fac Arm Lab Res Tes Res Qua Frg Acc Used RIF Installer . | . . . . . . . . . . . . . . . . . . . . . . . . . . Robots Hacked 3 | . . . . . . 1 . . . 2 . . . . . . . . . . . . . . . Non-combat 2 | . . . . . . . . . . 2 . . . . . . . . . . . . . . . Combat 1 | . . . . . . 1 . . . . . . . . . . . . . . . . . . . Robot Hacks Applied 3 | . . . . . . 1 . . . 2 . . . . . . . . . . . . . . . parse_system 1 | . . . . . . 1 . . . . . . . . . . . . . . . . . . . find_chute 1 | . . . . . . . . . . 1 . . . . . . . . . . . . . . . find_dsf 1 | . . . . . . . . . . 1 . . . . . . . . . . . . . . . Relay Couplers Released 6 | . . . . . 3 . . . . . . 3 . . . . . . . . . . . . . Machine Destruction 6 | . . . . . 3 . . . . . . 3 . . . . . . . . . . . . . Fabnet Peak Effective % . | . . . . . . . . . . . . . . . . . . . . . . . . . . Robots Rewired 12 | . . . . . . 11 . . . . . . . . . . . . . . . . . . 1 Allies Hacked 18 | . . . . . . . . . . 1 . 4 . . . . 5 2 . . 3 . . . 3 Hacks Repelled . | . . . . . . . . . . . . . . . . . . . . . . . . . . Allies | -11 -10 -10 -10 -9 -6 -6 -6 -6 -6 -5 -5 -5 -5 -5 -5 -4 -4 -4 -4 -3 -3 -2 -2 -2 -1 -------- Run | Yrd Mat Min Sub Scr Fac Ext Cet Arc Hub Fac Was Fac Upp Upp Zhi Pro Fac Arm Lab Res Tes Res Qua Frg Acc Total Allies 283 | . . . 2 1 15 30 5 . 6 33 20 53 . . . . 42 . . 24 24 6 . 1 21 Largest Group 50 | . . . 1 1 8 29 32 31 28 17 20 50 . . . . 20 9 . 11 9 3 . 1 7 Highest-Rated Group 1150 | . . . 40 51 69 730 1150 1144 967 286 733 540 . . . . 196 88 . 109 90 30 . 9 419 Highest-Rated Ally 159 | . . . 40 51 10 159 159 159 96 54 50 50 . . . . 16 10 . 26 10 10 . 9 135 Total Orders 26 | . . . 2 7 2 . 2 3 1 . . . . . . . 9 . . . . . . . . STAY 8 | . . . 1 4 . . 1 1 1 . . . . . . . . . . . . . . . . FOLLOW 10 | . . . 1 3 . . 1 2 . . . . . . . . 3 . . . . . . . . EXPLORE 8 | . . . . . 2 . . . . . . . . . . . 6 . . . . . . . . Ally Attacks 3434 | . . . 29 13 100 268 100 38 212 347 121 935 . . . . 513 64 . 242 303 17 . 2 130 Total Damage 53985 | . . . 720 219 1070 3883 1560 706 5547 4559 5452 13331 . . . . 6386 618 . 2849 4038 215 . 37 2795 Kills 521 | . . . 6 4 18 43 10 4 47 61 11 144 . . . . 74 9 . 30 41 1 . . 18 Allies Corrupted 24 | . . . . . . . . . 6 1 . 9 . . . . 2 . . 2 3 . . . 1 Allies Melted 2 | . . . . . . . . . . . . . . . . . . 1 . . . . . 1 . Intel | -11 -10 -10 -10 -9 -6 -6 -6 -6 -6 -5 -5 -5 -5 -5 -5 -4 -4 -4 -4 -3 -3 -2 -2 -2 -1 ------- Run | Yrd Mat Min Sub Scr Fac Ext Cet Arc Hub Fac Was Fac Upp Upp Zhi Pro Fac Arm Lab Res Tes Res Qua Frg Acc Active Infowar (turns) 26574 | 24 193 . . . 1696 1467 500 2737 807 1708 2528 2455 983 589 229 742 2568 1217 36 1321 856 1005 161 324 2428 Optics 8938 | . . . . . 748 1467 500 2737 767 . . . . . . . . 115 36 1321 852 226 . 169 . Sensors 20520 | . . . . . 787 477 . 2585 43 1704 2528 1832 983 589 229 742 2524 737 . 696 801 682 136 274 2171 IFF 589 | . . . . . . . . . . . . . . . . . . . . 589 . . . . . Terrain 850 | . . . . . 850 . . . . . . . . . . . . . . . . . . . . Structural 223 | . . . . . . . . . . . . . . . . . . . . . . 223 . . . Seismic 182 | 24 158 . . . . . . . . . . . . . . . . . . . . . . . . T.N.C. 2804 | . 35 . . . . . . . . . . 1792 . . . . . . . . . . . . 977 Cloaking 803 | . . . . . . . . . . . . . . . . . . . . . . 537 134 132 . Jamming 9855 | . . . . . 843 1041 499 48 39 1649 4 1145 . . . . 1933 783 . 2 446 1002 139 282 . ECM 917 | . . . . . . . . . . . . . . . . . . . . . . . . . 917 Robot Analysis Total 6 | . 2 . . . . . . . . . . . . . 4 . . . . . . . . . . Derelict Logs Recovered 7 | . . . 2 3 . . . . . . . . . 1 . 1 . . . . . . . . . Drone Launches 5 | . . . . . 2 . . . . . . . . . . . 3 . . . . . . . . Drone Recoveries 2 | . . . . . 1 . . . . . . . . . . . 1 . . . . . . . . Exploration | -11 -10 -10 -10 -9 -6 -6 -6 -6 -6 -5 -5 -5 -5 -5 -5 -4 -4 -4 -4 -3 -3 -2 -2 -2 -1 ------------- Run | Yrd Mat Min Sub Scr Fac Ext Cet Arc Hub Fac Was Fac Upp Upp Zhi Pro Fac Arm Lab Res Tes Res Qua Frg Acc Turns Passed 43600 | 118 667 101 6092 9008 2136 1467 500 2737 1099 1708 2528 2485 1086 618 229 742 2568 1275 36 1321 856 1005 179 393 2646 Spaces Moved 27720 | 75 298 48 2325 2511 2045 1205 226 612 1085 2110 512 2179 592 390 159 542 1568 672 27 1805 1939 2626 461 657 1051 Core 634 | 4 . . . . 4 . . 232 . . 138 . . . . . . . . . . . . 97 159 Treads 3016 | . . . 1545 1070 . . . . . . . . . . . . . . . . . . . . 401 Legs 4456 | . . . . . . . . . . . 233 283 591 390 159 542 1568 672 18 . . . . . . Wheels 2231 | 71 298 48 758 . 582 . . . . . . . . . . . . . . . . . . . 474 Hover 10750 | . . . . 1085 1145 1205 226 380 1085 2110 141 1896 1 . . . . . 9 1450 . . . . 17 Flight 6633 | . . . 22 356 314 . . . . . . . . . . . . . . 355 1939 2626 461 560 . Fastest Speed 8 | 50 95 140 140 40 40 48 48 58 58 50 50 43 103 140 126 126 125 125 48 10 10 10 8 8 50 Average Speed 118 | 81 131 140 236 346 68 51 56 399 58 50 414 58 139 140 133 126 131 125 99 41 11 20 14 28 137 Slowest Speed 1260 | 95 155 140 1260 1240 275 98 101 950 126 111 1250 140 140 140 140 126 209 130 125 106 101 108 15 200 275 Overloaded Moves 17 | . . . . . . . . . . . . . . . . . . . . . . . 9 8 . Propulsion Burnouts . | . . . . . . . . . . . . . . . . . . . . . . . . . . Robots Hopped 33 | . . . 3 1 . . . . . . . . . . . . . 1 . 2 15 10 . 1 . Potential Cave-ins . | . . . . . . . . . . . . . . . . . . . . . . . . . . Cave-ins Triggered . | . . . . . . . . . . . . . . . . . . . . . . . . . . Teleports 1 | . . . . . . . . . . . . . . . . . . 1 . . . . . . . Exploration Rate (%) 54 | 4 54 16 90 81 51 74 74 93 70 40 93 43 74 53 60 73 36 30 5 43 95 59 56 19 26 Regions Visited 25 Branch Regions 16 Pre-discovered Areas 6 | . . . 2 1 . . . . . . . . . . 3 . . . . . . . . . . Known Exits Taken 18 | . . . . . 1 1 1 1 1 . . 1 1 1 1 1 1 1 1 1 1 1 1 1 . Unknown Exits Taken 5 | 1 1 1 1 1 . . . . . . . . . . . . . . . . . . . . . Scrap Searched 21 | . . . 3 5 . . . . . . . . 5 4 . 4 . . . . . . . . . Spaces Dug 424 | . . . . 1 54 12 15 17 7 15 . 32 40 6 . 2 49 35 . 51 3 28 8 5 44 Terrain Destroyed 1393 | . . . 13 1 198 12 15 19 7 37 36 127 48 7 . 6 78 201 . 170 76 136 8 24 174 Melee 118 | . . . . 1 1 12 15 17 7 8 . 8 . . . . . 1 . 6 3 27 7 5 . Projectile 174 | . . . 7 . 16 . . 2 . 12 . 9 8 7 . 6 14 24 . 5 . 3 1 2 58 AOE 1101 | . . . 6 . 181 . . . . 17 36 110 40 . . . 64 176 . 159 73 106 . 17 116 Terrain Rammed . | . . . . . . . . . . . . . . . . . . . . . . . . . . Walls Destroyed . | . . . . . . . . . . . . . . . . . . . . . . . . . . Machines Disabled . | . . . . . . . . . . . . . . . . . . . . . . . . . . Actions | -11 -10 -10 -10 -9 -6 -6 -6 -6 -6 -5 -5 -5 -5 -5 -5 -4 -4 -4 -4 -3 -3 -2 -2 -2 -1 --------- Run | Yrd Mat Min Sub Scr Fac Ext Cet Arc Hub Fac Was Fac Upp Upp Zhi Pro Fac Arm Lab Res Tes Res Qua Frg Acc Total 36297 | 104 448 64 2796 2807 2632 1920 567 803 1485 2676 915 3228 807 441 177 595 1971 950 38 2177 2455 2948 540 794 1959 Wait 5442 | 2 30 5 308 222 273 459 302 121 331 460 352 789 174 32 . 45 246 83 . 96 329 142 46 45 550 Move 27633 | 74 297 47 2318 2508 2044 1204 225 611 1084 2110 511 2178 591 389 158 541 1567 669 26 1801 1911 2605 460 654 1050 Hop 29 | . . . 3 1 . . . . . . . . . . . . . 1 . 1 12 10 . 1 . Pick Up 263 | 6 20 . 18 22 35 8 4 3 3 13 10 20 3 1 2 1 14 13 . 17 13 10 1 . 26 Fast Attach 306 | 7 . . 7 5 50 8 5 1 10 10 5 15 . . 8 . 7 14 . 36 29 35 . 10 44 Attach 153 | . 5 1 2 3 17 4 . 2 4 4 5 9 1 . . 1 3 16 4 22 19 14 1 3 13 Detach 71 | . . . . . 8 1 . . 3 1 3 2 . . . . 2 6 3 12 19 9 . 2 . Swap 285 | . 10 . 13 2 23 14 5 2 1 15 10 42 12 3 . . 24 22 1 29 15 7 7 3 25 Drop 421 | . 7 . 43 29 48 8 9 3 13 14 16 24 5 2 9 1 10 13 4 35 38 29 1 18 42 Fire 970 | 15 79 11 83 4 92 21 2 36 1 16 3 82 21 14 . 6 81 101 . 67 4 14 9 6 202 Melee 484 | . . . . 10 33 46 15 24 35 30 . 25 . . . . 5 10 . 61 64 72 12 42 . Ram 3 | . . . . . . . . . . 1 . . . . . . . . . . . . . 2 . Kick . | . . . . . . . . . . . . . . . . . . . . . . . . . . Crush 1 | . . . . . 1 . . . . . . . . . . . . . . . . . . . . Escape Stasis 34 | . . . . . . 13 . . . . . 13 . . . . 5 . . . . . 3 . . Rewire 154 | . . . 1 . . 134 . . . 1 . . . . . . 7 2 . . 2 . . . 7 Trap 38 | . . . . 1 . . . . . . . 29 . . . . . . . . . . . 8 . Miscellaneous 10 | . . . . . 8 . . . . 1 . . . . . . . . . . . 1 . . . Route ------- -11/Scrapyard -10/Materials (discovered 2 exits: [*Mat] / [*Min]) -10/Mines -10/Subcaves (discovered 2 exits: [*Mat] / *Scr) -9/Scraptown -6/Factory (discovered 4 exits: *Low x2 / *Ext x2) -6/Extension (discovered 3 exits: *Fac x2 / *Cet) -6/Cetus (discovered 2 exits: *Fac / *Arc) -6/Archives (discovered 3 exits: *Fac / *Hub x2) -6/Hub_04(d) (discovered 4 exits: *Fac x4) -5/Factory (discovered 4 exits: *Fac x2 / *Upp x2) -5/Waste -5/Factory (discovered 6 exits: Fac x4 / *Upp x2) -5/Upper Caves -5/Upper Caves -5/Zhirov -4/Proximity Caves -4/Factory (discovered 5 exits: *Res x3 / *Upp / *Arm) -4/Armory -4/Lab -3/Research (discovered 5 exits: *Res x3 / *Tes x2) -3/Testing -2/Research (discovered 2 exits: *Acc / *Qua) -2/Quarantine (discovered 3 exits: Acc / *Sec / *Frg) -2/Protoforge -1/Access (discovered 2 exits: *Sur / Com) To Epsilon Eridani History --------- Turn | Location | Event 9 | -11/Scrapyard | Discovered new exit (range 16) 119 | -11/Scrapyard | Entered Materials 319 | -10/Materials | Build established: Mutant 370 | -10/Materials | Discovered new exit (range 16) 769 | -10/Materials | Discovered new exit (range 12) 786 | -10/Materials | Entered Mines 878 | -10/Mines | Discovered new exit (range 7) 887 | -10/Mines | Entered Subcaves 888 | -10/Subcaves | Approached by a straggling Scientist 1221 | -10/Subcaves | Scientist uncovered a shortcut to Scraptown 1265 | -10/Subcaves | Learned Materials emergency access door positions 1356 | -10/Subcaves | Visited Clippyterm 1364 | -10/Subcaves | Learned location of Extension (-6) 1364 | -10/Subcaves | Learned Factory emergency access door positions 1383 | -10/Subcaves | Discovered new exit (range 15) 1620 | -10/Subcaves | Learned location of Zion (-7) 1719 | -10/Subcaves | Botcube activated 1737 | -10/Subcaves | Botcube completed mutation into treaded form, armed with 2 guns. 2033 | -10/Subcaves | Visited 4L-MR0's lab 2054 | -10/Subcaves | Found Powered Cannon 2140 | -10/Subcaves | A swath of the cavern ceiling suddenly collapsed 2427 | -10/Subcaves | Shifting Twisted Machinery released Hvy. Riot Gun 2437 | -10/Subcaves | Shifting Twisted Machinery released Sub. Machine Gun 3108 | -10/Subcaves | Shifting Twisted Machinery released Sub. Power Source 3119 | -10/Subcaves | Shifting Twisted Machinery released Sub. Power Source 3175 | -10/Subcaves | Shifting Twisted Machinery released Sub. Beam Cannon 3189 | -10/Subcaves | Shifting Twisted Machinery released Battle Cannon 4512 | -10/Subcaves | Disturbed a concealed Subdweller 4512 | -10/Subcaves | Core integrity fell below 50% 5030 | -10/Subcaves | A swath of the cavern ceiling suddenly collapsed 5059 | -10/Subcaves | Murdered *Sublord 5059 | -10/Subcaves | Destroyed *Sublord 5064 | -10/Subcaves | Found Botcube 5827 | -10/Subcaves | Botcube activated 5841 | -10/Subcaves | Botcube completed mutation into wheeled form, armed with 2 guns. 5906 | -10/Subcaves | Found SUBCON Basin 6167 | -10/Subcaves | Build established: Scavenger-Mutant 6979 | -10/Subcaves | Entered Scraptown 6979 | -9/Scraptown | Accompanied by 1 ally 7067 | -9/Scraptown | Heard Great Nut preacher, LISTEN AND RECITE! 7136 | -9/Scraptown | Visited SPCMW 7173 | -9/Scraptown | Visited Cave Peace 7357 | -9/Scraptown | Visited Shadow of the Wyrm 7416 | -9/Scraptown | Visited IN-MT5's Study 7738 | -9/Scraptown | Scanned Subdweller tech in exchange for log data 7748 | -9/Scraptown | Learned Research emergency access door positions 7757 | -9/Scraptown | Learned location of 1 exit from Upper Caves 7826 | -9/Scraptown | Discovered new exit (range 5) 8286 | -9/Scraptown | Visited UFD Registry 8286 | -9/Scraptown | Registered with UFD as "Spikedisc" 8392 | -9/Scraptown | Visited DA-N13 Charitable Foundation 8411 | -9/Scraptown | Found DCF Scrap (30 items) 8521 | -9/Scraptown | Visited Sword Containment 8572 | -9/Scraptown | Received an X-ray algorithm 8622 | -9/Scraptown | Visited LU-1G1's Boring Crew 8696 | -9/Scraptown | Visited Observation Area 8774 | -9/Scraptown | Visited Scrap Suit Storage 8930 | -9/Scraptown | Visited A0-MCA Data Center 9022 | -9/Scraptown | Visited Derelict Rescue Squad 9142 | -9/Scraptown | Visited Science Guys 12579 | -9/Scraptown | Warned about trapping Scraptown 12801 | -9/Scraptown | Attached CPS modules to *Subcon Enjoyer. 13572 | -9/Scraptown | Found Scrap Suit 14509 | -9/Scraptown | Murdered *Subcon Enjoyer 14509 | -9/Scraptown | Destroyed *Subcon Enjoyer 14701 | -9/Scraptown | Build established: Mutant 15244 | -9/Scraptown | Botcube activated 15266 | -9/Scraptown | Botcube completed mutation into treaded form, armed with 2 cannons. 15313 | -9/Scraptown | Attached CPS modules to *Van. 15850 | -9/Scraptown | Build established: Derelict-Mutant 15946 | -9/Scraptown | Attacked by Scraptown defenders 15972 | -9/Scraptown | Core integrity fell below 20% 15987 | -9/Scraptown | Entered Factory 15987 | -6/Factory | Evolved 8 slots: Power x1, Propulsion x3, Utility x4 16161 | -6/Factory | Attached Powered Cannon, gained temporary slot: Power 16201 | -6/Factory | Destroyed 9 combat bots 16228 | -6/Factory | Lost 4 parts (1p2n1u) 16238 | -6/Factory | Build established: Mutant 17133 | -6/Factory | Fabricated IN-MT5's Pitchfork "Insurrection" (x1) 17232 | -6/Factory | Released subatomizers from SUBCON Basin 17247 | -6/Factory | Lost 11 parts (1p3n4u3w) 17357 | -6/Factory | Reprogrammed and armed K-01 Serf 17393 | -6/Factory | Reprogrammed and armed K-01 Serf 17414 | -6/Factory | Reprogrammed and armed K-01 Serf 17429 | -6/Factory | Discovered new exit (range 14) 17429 | -6/Factory | Reprogrammed and armed K-01 Serf 17436 | -6/Factory | Reprogrammed and armed K-01 Serf 17452 | -6/Factory | Spotted B-75 Beast 17457 | -6/Factory | Reprogrammed and armed K-01 Serf 17457 | -6/Factory | Reprogrammed and armed K-01 Serf 17476 | -6/Factory | Allies destroyed B-75 Beast 17559 | -6/Factory | Fabricated IN-MT5's Pitchfork "Insurrection"? 17561 | -6/Factory | Reprogrammed and armed K-01 Serf 17575 | -6/Factory | Core integrity fell below 50% 17586 | -6/Factory | Reprogrammed and armed K-01 Serf 17680 | -6/Factory | Reprogrammed and armed K-01 Serf 17737 | -6/Factory | First assault squad dispatched 17764 | -6/Factory | Repaired Lyr. Medium Armor Plating? 17821 | -6/Factory | Identified exit to Lower Caves 17821 | -6/Factory | Identified exit to Extension 17841 | -6/Factory | Build established: Ninja 17846 | -6/Factory | Reprogrammed and armed K-01 Serf 17861 | -6/Factory | Reprogrammed and armed K-01 Serf 17912 | -6/Factory | Reprogrammed and armed K-01 Serf 17940 | -6/Factory | Reprogrammed and armed K-01 Serf 17944 | -6/Factory | Reprogrammed and armed K-01 Serf 17964 | -6/Factory | Sterilization system engaged 17964 | -6/Factory | Non-combat units ordered to evacuate 18064 | -6/Factory | Combat units ordered to evacuate 18123 | -6/Factory | Entered Extension 18123 | -6/Extension | Accompanied by 6 allies 18133 | -6/Extension | Reprogrammed and armed K-01 Serf 18135 | -6/Extension | Reprogrammed and armed K-01 Serf 18190 | -6/Extension | Reprogrammed and armed K-01 Serf 18207 | -6/Extension | Reprogrammed and armed K-01 Serf 18212 | -6/Extension | Spotted B-75 Beast 18215 | -6/Extension | Reprogrammed and armed K-01 Serf 18223 | -6/Extension | Spotted B-75 Beast 18224 | -6/Extension | Reprogrammed and armed K-01 Serf 18224 | -6/Extension | Allies destroyed B-75 Beast 18241 | -6/Extension | Allies destroyed B-75 Beast 18316 | -6/Extension | Unchained authorized (6S-H0T) 18338 | -6/Extension | Reprogrammed and armed K-01 Serf 18376 | -6/Extension | P-60 Hacker assimilated allied K-01 Serf 18386 | -6/Extension | Reprogrammed and armed K-01 Serf 18523 | -6/Extension | Allies destroyed 6S-H0T 18537 | -6/Extension | Found Prototype Processor 18537 | -6/Extension | Identified Exp. Targeting Computer 18623 | -6/Extension | Disrupted transfer network 18636 | -6/Extension | Door terminal overloaded 18637 | -6/Extension | Rescued A7 18935 | -6/Extension | Build established: Scavenger-Mutant 18942 | -6/Extension | Rescued a captive Derelict 18981 | -6/Extension | Rescued a captive Derelict 19178 | -6/Extension | Rescued a captive Derelict 19185 | -6/Extension | Rescued a captive Derelict 19244 | -6/Extension | Discovered new exit (range 10) 19244 | -6/Extension | Discovered new exit (range 6) 19253 | -6/Extension | Identified exit to Cetus 19303 | -6/Extension | Reprogrammed and armed K-01 Serf 19332 | -6/Extension | Reprogrammed and armed K-01 Serf 19419 | -6/Extension | Reprogrammed and armed K-01 Serf 19426 | -6/Extension | Build established: Commander-Mutant 19438 | -6/Extension | Discovered new exit (range 3) 19456 | -6/Extension | Reprogrammed and armed K-01 Serf 19456 | -6/Extension | Reprogrammed and armed K-01 Serf 19523 | -6/Extension | First assault squad dispatched 19550 | -6/Extension | Reprogrammed and armed K-01 Serf 19551 | -6/Extension | Reprogrammed and armed K-01 Serf 19590 | -6/Extension | Entered Cetus 19590 | -6/Cetus | Accompanied by 29 allies (A7) 19595 | -6/Cetus | Acquired a Cetus Manufacturing Module code from A7 19598 | -6/Cetus | Spotted Cetus Guard 19598 | -6/Cetus | Spotted Cetus Guard 19607 | -6/Cetus | Spotted Cetus Guard 19607 | -6/Cetus | Spotted Cetus Guard 19608 | -6/Cetus | Allies destroyed Cetus Guard 19614 | -6/Cetus | Allies destroyed Cetus Guard 19629 | -6/Cetus | Allies destroyed Cetus Guard 19632 | -6/Cetus | Allies destroyed Cetus Guard 19696 | -6/Cetus | Escorted A7 to Cetus Mainframe 19707 | -6/Cetus | Started Cetus Manufacturing Module 19707 | -6/Cetus | Ran an X-ray algorithm 19710 | -6/Cetus | Discovered new exit (range 21) 19732 | -6/Cetus | Manufactured an Enhanced Grunt 19741 | -6/Cetus | Spotted Cetus Guard 19741 | -6/Cetus | Spotted Cetus Guard 19742 | -6/Cetus | Spotted Cetus Guard 19745 | -6/Cetus | Spotted Cetus Guard 19757 | -6/Cetus | Manufactured an Enhanced Grunt 19760 | -6/Cetus | Allies destroyed Cetus Guard 19762 | -6/Cetus | Allies destroyed Cetus Guard 19765 | -6/Cetus | Discovered new exit (range 21) 19772 | -6/Cetus | Allies destroyed Cetus Guard 19774 | -6/Cetus | Allies destroyed Cetus Guard 19782 | -6/Cetus | Manufactured an Enhanced Grunt 19783 | -6/Cetus | Met Revision 17 19783 | -6/Cetus | Murdered Revision 17 19807 | -6/Cetus | Manufactured an Enhanced Grunt 19822 | -6/Cetus | Identified exit to Archives 19832 | -6/Cetus | Manufactured an Enhanced Grunt 20090 | -6/Cetus | Entered Archives 20090 | -6/Archives | Accompanied by 31 allies (A7) 20095 | -6/Archives | Received a hacking code to weaken MAIN.C 20125 | -6/Archives | Discovered new exit (range 22) 20145 | -6/Archives | Discovered new exit (range 21) 20150 | -6/Archives | Discovered new exit (range 21) 20159 | -6/Archives | Lost 3 allies 20662 | -6/Archives | Identified exit to Hub_04(d) 20791 | -6/Archives | Build established: Commander-Assassin 22827 | -6/Archives | Entered Hub_04(d) 22827 | -6/Hub_04(d) | Accompanied by 27 allies 22875 | -6/Hub_04(d) | Reprogrammed and armed K-01 Serf 23076 | -6/Hub_04(d) | Discovered new exit (range 20) 23140 | -6/Hub_04(d) | Garrison activated, responded to threat 23162 | -6/Hub_04(d) | Lost 9 allies 23177 | -6/Hub_04(d) | Build established: Commander-Mutant 23177 | -6/Hub_04(d) | First assault squad dispatched 23197 | -6/Hub_04(d) | Identified exit to Factory 23199 | -6/Hub_04(d) | Reprogrammed and armed K-01 Serf 23251 | -6/Hub_04(d) | Reprogrammed and armed K-01 Serf 23258 | -6/Hub_04(d) | Lost 6 allies 23304 | -6/Hub_04(d) | System corruption reached 10% 23373 | -6/Hub_04(d) | Reprogrammed and armed K-01 Serf 23404 | -6/Hub_04(d) | Lost 5 allies 23437 | -6/Hub_04(d) | Discovered exit to Factory (range 19) 23463 | -6/Hub_04(d) | Reprogrammed and armed K-01 Serf 23516 | -6/Hub_04(d) | Discovered exit to Factory (range 14) 23574 | -6/Hub_04(d) | Network Hub disabled 23591 | -6/Hub_04(d) | Lost 6 allies 23616 | -6/Hub_04(d) | Network Hub disabled 23841 | -6/Hub_04(d) | Network Hub disabled 23886 | -6/Hub_04(d) | Discovered exit to Factory (range 5) 23890 | -6/Hub_04(d) | Spotted Lightning 23900 | -6/Hub_04(d) | Reprogrammed and armed K-01 Serf 23914 | -6/Hub_04(d) | Core integrity fell below 20% 23924 | -6/Hub_04(d) | Spotted Lightning 23924 | -6/Hub_04(d) | Spotted Lightning 23924 | -6/Hub_04(d) | Spotted Lightning 23926 | -6/Hub_04(d) | Entered Factory 23926 | -5/Factory | Evolved 2 slots: Propulsion x1, Utility x1 23942 | -5/Factory | Discovered new exit (range 17) 24005 | -5/Factory | Repaired Gravmag Array+ 24011 | -5/Factory | Fabricated IN-MT5's Pitchfork "Insurrection"? 24034 | -5/Factory | Repaired Gravmag Array+ 24063 | -5/Factory | Identified exit to Factory 24151 | -5/Factory | Reprogrammed and armed K-01 Serf 24159 | -5/Factory | Allied Derelicts emerged from ambush trap array 24162 | -5/Factory | Reprogrammed and armed K-01 Serf 24189 | -5/Factory | Identified exit to Upper Caves 24201 | -5/Factory | Build established: Scavenger-Mutant 24272 | -5/Factory | Reprogrammed and armed K-01 Serf 24317 | -5/Factory | Repaired Com. Particle Reactor 24337 | -5/Factory | Reprogrammed and armed K-01 Serf 24402 | -5/Factory | Reprogrammed and armed K-01 Serf 24412 | -5/Factory | Reprogrammed and armed K-01 Serf 24423 | -5/Factory | Fabricated IN-MT5's Pitchfork "Insurrection" (x1) 24440 | -5/Factory | Fabricated IN-MT5's Pitchfork "Insurrection" (x1) 24534 | -5/Factory | Reprogrammed and armed K-01 Serf 24542 | -5/Factory | Reprogrammed and armed K-01 Serf 24597 | -5/Factory | Reprogrammed and armed K-01 Serf 24630 | -5/Factory | Discovered exit to Factory (range 3) 24643 | -5/Factory | Reprogrammed and armed K-01 Serf 24705 | -5/Factory | Reprogrammed and armed K-01 Serf 24720 | -5/Factory | Reprogrammed and armed K-01 Serf 24724 | -5/Factory | Reprogrammed and armed K-01 Serf 24772 | -5/Factory | Reprogrammed and armed K-01 Serf 24814 | -5/Factory | Reprogrammed and armed K-01 Serf 24826 | -5/Factory | First assault squad dispatched 24835 | -5/Factory | Reprogrammed and armed K-01 Serf 24898 | -5/Factory | Cargo convoy interrupted 24980 | -5/Factory | Reprogrammed and armed K-01 Serf 25066 | -5/Factory | Lost 4 allies 25098 | -5/Factory | Reprogrammed and armed K-01 Serf 25138 | -5/Factory | Reprogrammed and armed K-01 Serf 25246 | -5/Factory | Reprogrammed and armed K-01 Serf 25250 | -5/Factory | Reprogrammed and armed K-01 Serf 25273 | -5/Factory | Reprogrammed and armed K-01 Serf 25278 | -5/Factory | Central database locked down 25322 | -5/Factory | Reprogrammed and armed K-01 Serf 25409 | -5/Factory | Fabricated P-70 Sage (x2) 25484 | -5/Factory | Fabricated IN-MT5's Pitchfork "Insurrection" (x1) 25514 | -5/Factory | Reprogrammed and armed K-01 Serf 25567 | -5/Factory | Fabricated IN-MT5's Pitchfork "Insurrection" (x1) 25586 | -5/Factory | High security lockdown imminent 25634 | -5/Factory | Manually triggered Chute Trap 25634 | -5/Factory | Sucked down chute 25634 | -5/Factory | Entered Waste 25634 | -5/Waste | Met up with 2 allies sucked down the chute earlier 25635 | -5/Waste | Met a frightened Derelict 25640 | -5/Waste | Found Prototype Protection 25651 | -5/Waste | Spotted C-40 Crusher 25665 | -5/Waste | Found Prototype Device 25666 | -5/Waste | Identified Exp. Shield Generator 25669 | -5/Waste | Identified Centrium Heavy Armor Plating 25679 | -5/Waste | Warlord forces began an assault 25711 | -5/Waste | Spotted C-40 Crusher 25714 | -5/Waste | Spotted C-40 Crusher 25714 | -5/Waste | Spotted C-40 Crusher 25722 | -5/Waste | Allies destroyed C-40 Crusher 25734 | -5/Waste | Allies destroyed C-40 Crusher 25734 | -5/Waste | Allies destroyed C-40 Crusher 25742 | -5/Waste | Spotted C-40 Crusher 25747 | -5/Waste | Allies destroyed C-40 Crusher 25777 | -5/Waste | Lost 7 allies 25787 | -5/Waste | Spotted C-40 Crusher 26075 | -5/Waste | Discovered new exit (range 12) 26115 | -5/Waste | Identified exit to Factory 26154 | -5/Waste | Build established: Mutant 28162 | -5/Waste | Entered Factory 28162 | -5/Factory | Accompanied by 12 allies 28292 | -5/Factory | Repaired Hvy. Armored Exoskeleton 28348 | -5/Factory | Repaired Centrium Heavy Armor Plating 28488 | -5/Factory | Spotted B-75 Beast 28507 | -5/Factory | Destroyed B-75 Beast 28560 | -5/Factory | P-70 Sage assimilated allied D8-BC8(g) 28563 | -5/Factory | Fabricated Adv. Trap Extractor? 28566 | -5/Factory | P-70 Sage assimilated allied IL-MMV(d) 28573 | -5/Factory | Repaired Centrium Medium Armor Plating? 28609 | -5/Factory | Lost 7 allies 28762 | -5/Factory | First assault squad dispatched 28973 | -5/Factory | Reprogrammed and armed K-01 Serf 29010 | -5/Factory | Reprogrammed and armed K-01 Serf 29029 | -5/Factory | Reprogrammed and armed K-01 Serf 29054 | -5/Factory | Reprogrammed and armed K-01 Serf 29055 | -5/Factory | Reprogrammed and armed K-01 Serf 29059 | -5/Factory | Reprogrammed and armed K-01 Serf 29060 | -5/Factory | Build established: Scavenger-Ninja 29066 | -5/Factory | Reprogrammed and armed K-01 Serf 29076 | -5/Factory | Reprogrammed and armed K-01 Serf 29127 | -5/Factory | Reprogrammed and armed K-01 Serf 29172 | -5/Factory | Reprogrammed and armed K-01 Serf 29175 | -5/Factory | Reprogrammed and armed K-01 Serf 29206 | -5/Factory | Reprogrammed and armed K-01 Serf 29211 | -5/Factory | Reprogrammed and armed K-01 Serf 29279 | -5/Factory | Reprogrammed and armed K-01 Serf 29280 | -5/Factory | Reprogrammed and armed K-01 Serf 29281 | -5/Factory | Reprogrammed and armed K-01 Serf 29283 | -5/Factory | Reprogrammed and armed K-01 Serf 29283 | -5/Factory | Reprogrammed and armed K-01 Serf 29288 | -5/Factory | Reprogrammed and armed K-01 Serf 29290 | -5/Factory | Reprogrammed and armed K-01 Serf 29299 | -5/Factory | Fabricated IN-MT5's Pitchfork "Insurrection"? 29307 | -5/Factory | Reprogrammed and armed K-01 Serf 29337 | -5/Factory | Reprogrammed and armed K-01 Serf 29338 | -5/Factory | Reprogrammed and armed K-01 Serf 29339 | -5/Factory | Reprogrammed and armed K-01 Serf 29340 | -5/Factory | Reprogrammed and armed K-01 Serf 29355 | -5/Factory | Reprogrammed and armed K-01 Serf 29359 | -5/Factory | Reprogrammed and armed K-01 Serf 29360 | -5/Factory | Reprogrammed and armed K-01 Serf 29362 | -5/Factory | Reprogrammed and armed K-01 Serf 29362 | -5/Factory | Reprogrammed and armed K-01 Serf 29368 | -5/Factory | Reprogrammed and armed K-01 Serf 29384 | -5/Factory | Reprogrammed and armed K-01 Serf 29386 | -5/Factory | Reprogrammed and armed K-01 Serf 29412 | -5/Factory | Reprogrammed and armed K-01 Serf 29412 | -5/Factory | Reprogrammed and armed K-01 Serf 29467 | -5/Factory | Reprogrammed and armed K-01 Serf 29469 | -5/Factory | Reprogrammed and armed K-01 Serf 29469 | -5/Factory | Reprogrammed and armed K-01 Serf 29470 | -5/Factory | Reprogrammed and armed K-01 Serf 29473 | -5/Factory | Reprogrammed and armed K-01 Serf 29473 | -5/Factory | Reprogrammed and armed K-01 Serf 29539 | -5/Factory | Reprogrammed and armed K-01 Serf 29570 | -5/Factory | Reprogrammed and armed K-01 Serf 29590 | -5/Factory | Reprogrammed and armed K-01 Serf 29590 | -5/Factory | Reprogrammed and armed K-01 Serf 29616 | -5/Factory | High security lockdown imminent 29627 | -5/Factory | Reprogrammed and armed K-01 Serf 29632 | -5/Factory | Reprogrammed and armed K-01 Serf 29638 | -5/Factory | Reprogrammed and armed K-01 Serf 29645 | -5/Factory | Reprogrammed and armed K-01 Serf 29679 | -5/Factory | Reprogrammed and armed K-01 Serf 29685 | -5/Factory | Reprogrammed and armed K-01 Serf 29687 | -5/Factory | Reprogrammed and armed K-01 Serf 29696 | -5/Factory | High security lockdown engaged 29710 | -5/Factory | Reprogrammed and armed K-01 Serf 29734 | -5/Factory | Garrison activated, responded to threat 29893 | -5/Factory | Build established: Scavenger-Scout 29994 | -5/Factory | P-70 Sage assimilated allied K-01 Serf 29996 | -5/Factory | P-70 Sage assimilated allied K-01 Serf 30097 | -5/Factory | Lost 12 allies 30122 | -5/Factory | Garrison activated, responded to threat 30235 | -5/Factory | Sterilization system engaged 30235 | -5/Factory | Non-combat units ordered to evacuate 30335 | -5/Factory | Combat units ordered to evacuate 30345 | -5/Factory | Lost 25 allies 30349 | -5/Factory | Destroyed 7 combat bots 30535 | -5/Factory | Ambient heat levels rising (+10) 30647 | -5/Factory | Entered Upper Caves 30648 | -5/Upper Caves | Identified exit to Upper Caves 30870 | -5/Upper Caves | Build established: Scavenger-Mutant 31733 | -5/Upper Caves | Entered another Upper Caves area 31760 | -5/Upper Caves | Acquired the password to a Derelict Tinkerer's latest research 31771 | -5/Upper Caves | Found Prototype Special Weapon 31806 | -5/Upper Caves | Encountered a Warlord checkpoint 31987 | -5/Upper Caves | Found DCF Scrap (12 items) 32038 | -5/Upper Caves | Learned 8 Factory zone layouts 32132 | -5/Upper Caves | Discovered new exit (range 5) 32134 | -5/Upper Caves | Attracted the attention of an 0b10 checkpoint 32157 | -5/Upper Caves | Identified exit to Zhirov 32351 | -5/Upper Caves | Entered Zhirov 32351 | -5/Zhirov | Discovered new exit (range 3) 32356 | -5/Zhirov | Identified exit to Proximity Caves 32379 | -5/Zhirov | Met Zhirov 32403 | -5/Zhirov | Learned location of Quarantine (-2) 32403 | -5/Zhirov | Learned location of Testing (-3) 32403 | -5/Zhirov | Learned location of Command (-1) 32417 | -5/Zhirov | Zhirov requested help retrieving the SGEMP Prototype 32439 | -5/Zhirov | Found Alien Artifact 32439 | -5/Zhirov | Identified Integrated Reactor 32439 | -5/Zhirov | Installed Integrated Reactor, increased core energy generation (+10) 32531 | -5/Zhirov | Found Alien Artifact 32580 | -5/Zhirov | Entered Proximity Caves 32779 | -4/Proximity Caves | Build established: Trapper-Mutant 32900 | -4/Proximity Caves | Learned Research security intel 33313 | -4/Proximity Caves | Discovered exit to Factory (range 6) 33318 | -4/Proximity Caves | Spotted B-86 Titan 33322 | -4/Proximity Caves | Entered Factory 33322 | -4/Factory | Evolved 2 slots: Propulsion x1, Utility x1 33323 | -4/Factory | Identified exit to Research 33441 | -4/Factory | Discovered exit to Research (range 11) 33455 | -4/Factory | Reprogrammed and armed K-01 Serf 33459 | -4/Factory | Reprogrammed and armed K-01 Serf 33487 | -4/Factory | Unchained authorized (GL-D0S) 33506 | -4/Factory | Reprogrammed and armed K-01 Serf 33527 | -4/Factory | Discovered new exit (range 15) 33554 | -4/Factory | Identified exit to Upper Caves 33765 | -4/Factory | Reprogrammed and armed K-01 Serf 33819 | -4/Factory | Reprogrammed and armed K-01 Serf 33838 | -4/Factory | Reprogrammed and armed K-01 Serf 34108 | -4/Factory | Reprogrammed and armed K-01 Serf 34275 | -4/Factory | Fabricated IN-MT5's Pitchfork "Insurrection"? 34348 | -4/Factory | P-70 Sage assimilated allied K-01 Serf 34357 | -4/Factory | Reprogrammed and armed K-01 Serf 34445 | -4/Factory | Reprogrammed and armed K-01 Serf 34494 | -4/Factory | Reprogrammed and armed K-01 Serf 34498 | -4/Factory | Reprogrammed and armed K-01 Serf 34529 | -4/Factory | Reprogrammed and armed K-01 Serf 34530 | -4/Factory | Reprogrammed and armed K-01 Serf 34557 | -4/Factory | Reprogrammed and armed K-01 Serf 34614 | -4/Factory | Reprogrammed and armed K-01 Serf 34622 | -4/Factory | Reprogrammed and armed K-01 Serf 34622 | -4/Factory | Reprogrammed and armed K-01 Serf 34668 | -4/Factory | Reprogrammed and armed K-01 Serf 34802 | -4/Factory | Reprogrammed and armed K-01 Serf 34815 | -4/Factory | Repaired Exp. Shield Generator? 34827 | -4/Factory | Reprogrammed and armed K-01 Serf 34870 | -4/Factory | Reprogrammed and armed K-01 Serf 34907 | -4/Factory | Reprogrammed and armed K-01 Serf 34930 | -4/Factory | Reprogrammed and armed K-01 Serf 34988 | -4/Factory | Discovered new exit (range 16) 35028 | -4/Factory | Identified exit to Armory 35030 | -4/Factory | Reprogrammed and armed K-01 Serf 35084 | -4/Factory | Reprogrammed and armed K-01 Serf 35123 | -4/Factory | Spotted Executioner 35124 | -4/Factory | Cargo convoy interrupted 35130 | -4/Factory | Spotted Executioner 35134 | -4/Factory | P-70 Sage assimilated allied K-01 Serf 35149 | -4/Factory | Reprogrammed and armed K-01 Serf 35169 | -4/Factory | Allies destroyed Executioner 35176 | -4/Factory | Reprogrammed and armed K-01 Serf 35191 | -4/Factory | Reprogrammed and armed K-01 Serf 35193 | -4/Factory | Found Prototype Special Weapon 35198 | -4/Factory | Destroyed Executioner 35202 | -4/Factory | Found Prototype Processor 35207 | -4/Factory | Identified Hammerchucker 35216 | -4/Factory | Lost 17 allies 35239 | -4/Factory | Reprogrammed and armed K-01 Serf 35309 | -4/Factory | Reprogrammed and armed K-01 Serf 35325 | -4/Factory | Reprogrammed and armed K-01 Serf 35347 | -4/Factory | Reprogrammed and armed K-01 Serf 35469 | -4/Factory | Reprogrammed and armed K-01 Serf 35470 | -4/Factory | Reprogrammed and armed K-01 Serf 35470 | -4/Factory | Reprogrammed and armed K-01 Serf 35474 | -4/Factory | Lost 3 allies 35503 | -4/Factory | Reprogrammed and armed K-01 Serf 35533 | -4/Factory | Reprogrammed and armed K-01 Serf 35567 | -4/Factory | Reprogrammed and armed K-01 Serf 35572 | -4/Factory | First assault squad dispatched 35580 | -4/Factory | Reprogrammed and armed K-01 Serf 35584 | -4/Factory | Reprogrammed and armed K-01 Serf 35685 | -4/Factory | Reprogrammed and armed K-01 Serf 35690 | -4/Factory | Reprogrammed and armed K-01 Serf 35719 | -4/Factory | Reprogrammed and armed K-01 Serf 35730 | -4/Factory | High security lockdown imminent 35770 | -4/Factory | Lost 6 allies 35783 | -4/Factory | Reprogrammed and armed K-01 Serf 35787 | -4/Factory | Reprogrammed and armed K-01 Serf 35810 | -4/Factory | High security lockdown engaged 35890 | -4/Factory | Entered Armory 35890 | -4/Armory | Accompanied by 9 allies 35913 | -4/Armory | Found Fusion Bomb Launcher 36372 | -4/Armory | Spotted B-86 Titan 36408 | -4/Armory | Destroyed B-86 Titan 36418 | -4/Armory | Lost 4 allies 36560 | -4/Armory | System corruption reached 10% 36579 | -4/Armory | Lost 3 parts (1n2u) 36640 | -4/Armory | First assault squad dispatched 36732 | -4/Armory | Identified Molecular Deconstructor 36758 | -4/Armory | Repaired Centrium Heavy Armor Plating? 36822 | -4/Armory | Lost 3 parts (2n1u) 36823 | -4/Armory | Destroyed 7 combat bots 36925 | -4/Armory | Build established: Scavenger-Mutant 37030 | -4/Armory | Identified Transdimensional Reconstructor 37030 | -4/Armory | Warped through subspace to slip node 37030 | -4/Armory | Discovered new exit (range 1) 37030 | -4/Armory | Identified exit to Lab 37058 | -4/Armory | Lost 5 parts (1p4u) 37126 | -4/Armory | Fabricated IN-MT5's Pitchfork "Insurrection"? 37165 | -4/Armory | Entered Lab 37165 | -4/Lab | Discovered exit to Research (range 9) 37201 | -4/Lab | Entered Research 37201 | -3/Research | Evolved 2 slots: Utility x2 37248 | -3/Research | Reprogrammed and armed K-01 Serf 37264 | -3/Research | Reprogrammed and armed K-01 Serf 37264 | -3/Research | Reprogrammed and armed K-01 Serf 37308 | -3/Research | Reprogrammed and armed K-01 Serf 37405 | -3/Research | Found Prototype Processor 37405 | -3/Research | Identified Spectral Analyzer 37462 | -3/Research | Reprogrammed and armed K-01 Serf 37468 | -3/Research | Reprogrammed and armed K-01 Serf 37469 | -3/Research | Reprogrammed and armed K-01 Serf 37474 | -3/Research | Reprogrammed and armed K-01 Serf 37567 | -3/Research | Spotted B-86 Titan 37589 | -3/Research | Allies destroyed B-86 Titan 37609 | -3/Research | Unchained authorized (GL-D0S) 37678 | -3/Research | Repaired Broken Exp. Shield Generator 37715 | -3/Research | Discovered new exit (range 5) 37716 | -3/Research | Identified exit to Research 37807 | -3/Research | Identified Exp. Core Analyzer 37830 | -3/Research | Reprogrammed and armed K-01 Serf 37831 | -3/Research | Reprogrammed and armed K-01 Serf 37908 | -3/Research | Found Prototype Device 37908 | -3/Research | Identified Adv. Kinecellerator 37938 | -3/Research | Reprogrammed and armed K-01 Serf 37943 | -3/Research | Reprogrammed and armed K-01 Serf 37946 | -3/Research | Build established: Scavenger-Scout 37946 | -3/Research | Reprogrammed and armed K-01 Serf 37980 | -3/Research | Reprogrammed and armed K-01 Serf 38055 | -3/Research | Reprogrammed and armed K-01 Serf 38065 | -3/Research | Identified exit to Testing 38087 | -3/Research | Reprogrammed and armed K-01 Serf 38106 | -3/Research | Reprogrammed and armed K-01 Serf 38106 | -3/Research | Reprogrammed and armed K-01 Serf 38134 | -3/Research | Reprogrammed and armed K-01 Serf 38135 | -3/Research | Reprogrammed and armed K-01 Serf 38205 | -3/Research | Cargo convoy interrupted 38212 | -3/Research | Spotted Striker 38219 | -3/Research | P-80 Master assimilated allied K-01 Serf 38230 | -3/Research | Reprogrammed and armed K-01 Serf 38242 | -3/Research | Allies destroyed Striker 38266 | -3/Research | Found Prototype Device 38266 | -3/Research | Identified Exp. EM Disruption Field 38268 | -3/Research | Lost 3 parts (1p1n1w) 38268 | -3/Research | Reprogrammed and armed K-01 Serf 38281 | -3/Research | P-80 Master assimilated allied K-01 Serf 38291 | -3/Research | Reprogrammed and armed K-01 Serf 38294 | -3/Research | P-80 Master assimilated allied K-01 Serf 38298 | -3/Research | Lost 10 allies 38307 | -3/Research | Found Prototype Launcher 38312 | -3/Research | Reprogrammed and armed K-01 Serf 38323 | -3/Research | P-80 Master assimilated allied K-01 Serf 38346 | -3/Research | Reprogrammed and armed K-01 Serf 38369 | -3/Research | Identified Gui. Micro-nuke Launcher 38375 | -3/Research | Reprogrammed and armed K-01 Serf 38440 | -3/Research | Discovered exit to Research (range 18) 38451 | -3/Research | First assault squad dispatched 38459 | -3/Research | Spotted B-86 Titan 38478 | -3/Research | Discovered exit to Research (range 21) 38522 | -3/Research | Entered Testing 38540 | -3/Testing | Lost 4 parts (1p2n1w) 38577 | -3/Testing | Found Prototype Launcher 38577 | -3/Testing | Identified Hellfire Missile Launcher 38588 | -3/Testing | Imp. Hacking Suite fried by hacking feedback 38592 | -3/Testing | Reprogrammed and armed K-01 Serf 38592 | -3/Testing | Reprogrammed and armed K-01 Serf 38594 | -3/Testing | Reprogrammed and armed K-01 Serf 38654 | -3/Testing | Reprogrammed and armed K-01 Serf 38674 | -3/Testing | Reprogrammed and armed K-01 Serf 38674 | -3/Testing | Reprogrammed and armed K-01 Serf 38675 | -3/Testing | Reprogrammed and armed K-01 Serf 38678 | -3/Testing | Reprogrammed and armed K-01 Serf 38705 | -3/Testing | Reprogrammed and armed K-01 Serf 38705 | -3/Testing | Reprogrammed and armed K-01 Serf 38729 | -3/Testing | Fabricated IN-MT5's Pitchfork "Insurrection"? 38758 | -3/Testing | Found Prototype Energy Gun 38758 | -3/Testing | Identified Warp Gun 38762 | -3/Testing | Reprogrammed and armed K-01 Serf 38791 | -3/Testing | P-80 Master assimilated allied K-01 Serf 38796 | -3/Testing | P-80 Master assimilated allied K-01 Serf 38801 | -3/Testing | Reprogrammed and armed K-01 Serf 38804 | -3/Testing | Reprogrammed and armed K-01 Serf 38817 | -3/Testing | Reprogrammed and armed K-01 Serf 38820 | -3/Testing | P-80 Master assimilated allied K-01 Serf 38833 | -3/Testing | P-80 Master assimilated allied K-01 Serf 38837 | -3/Testing | Reprogrammed and armed K-01 Serf 38843 | -3/Testing | Reprogrammed and armed K-01 Serf 38844 | -3/Testing | Reprogrammed and armed K-01 Serf 38868 | -3/Testing | Reprogrammed and armed K-01 Serf 38886 | -3/Testing | Found Prototype Energy Cannon 38886 | -3/Testing | Identified Potential Cannon 38888 | -3/Testing | Found Prototype Energy Cannon 38888 | -3/Testing | Identified Imp. Potential Cannon 38894 | -3/Testing | Spotted Striker 38898 | -3/Testing | Spotted Striker 38900 | -3/Testing | Lost 8 allies 38912 | -3/Testing | Reprogrammed and armed K-01 Serf 38912 | -3/Testing | Reprogrammed and armed K-01 Serf 38913 | -3/Testing | Reprogrammed and armed K-01 Serf 38936 | -3/Testing | Reprogrammed and armed K-01 Serf 38936 | -3/Testing | Reprogrammed and armed K-01 Serf 38988 | -3/Testing | Found Prototype Device 38988 | -3/Testing | Identified AEGIS Remote Shield 39022 | -3/Testing | First assault squad dispatched 39041 | -3/Testing | Reprogrammed and armed K-01 Serf 39042 | -3/Testing | Reprogrammed and armed K-01 Serf 39096 | -3/Testing | P-80 Master assimilated allied K-01 Serf 39099 | -3/Testing | Allies destroyed Striker 39102 | -3/Testing | P-80 Master assimilated allied K-01 Serf 39103 | -3/Testing | Reprogrammed and armed K-01 Serf 39104 | -3/Testing | P-80 Master assimilated allied K-01 Serf 39111 | -3/Testing | Reprogrammed and armed K-01 Serf 39117 | -3/Testing | Reprogrammed and armed K-01 Serf 39136 | -3/Testing | Allies destroyed Striker 39157 | -3/Testing | Spotted Alpha 7 39160 | -3/Testing | Build established: Scavenger-Ninja 39210 | -3/Testing | Allies destroyed Alpha 7 39225 | -3/Testing | Stole the SGEMP Prototype 39242 | -3/Testing | Reprogrammed and armed K-01 Serf 39243 | -3/Testing | Reprogrammed and armed K-01 Serf 39243 | -3/Testing | Reprogrammed and armed K-01 Serf 39268 | -3/Testing | Reprogrammed and armed K-01 Serf 39305 | -3/Testing | P-80 Master assimilated allied K-01 Serf 39310 | -3/Testing | P-80 Master assimilated allied K-01 Serf 39316 | -3/Testing | System corruption reached 10% 39328 | -3/Testing | Core integrity fell below 50% 39333 | -3/Testing | P-80 Master assimilated allied K-01 Serf 39337 | -3/Testing | Spotted PH-S0VM07ZMUE 39337 | -3/Testing | Discovered exit to Research (range 16) 39346 | -3/Testing | Found Prototype Energy Cannon 39360 | -3/Testing | Identified Null Cannon 39362 | -3/Testing | Found Portable AFG 39378 | -3/Testing | Entered Research 39378 | -2/Research | Evolved 2 slots: Propulsion x1, Utility x1 39431 | -2/Research | Spotted B-90 Cyclops 39483 | -2/Research | Reprogrammed and armed K-01 Serf 39537 | -2/Research | Destroyed 9 combat bots 39546 | -2/Research | Lost 3 parts (2n1u) 39628 | -2/Research | First assault squad dispatched 39662 | -2/Research | Destroyed 7 combat bots 39668 | -2/Research | Lost 7 parts (1p2n3u1w) 39684 | -2/Research | Found Prototype Launcher 39684 | -2/Research | Identified Point Singularity Launcher 39859 | -2/Research | Discovered new exit (range 15) 39905 | -2/Research | Build established: Hacker-Sprinter 39911 | -2/Research | Fabricated IN-MT5's Pitchfork "Insurrection"? 39959 | -2/Research | Identified exit to Access 39992 | -2/Research | Spotted B-90 Cyclops 40136 | -2/Research | Reprogrammed and armed K-01 Serf 40138 | -2/Research | Reprogrammed and armed K-01 Serf 40141 | -2/Research | Reprogrammed and armed K-01 Serf 40194 | -2/Research | Discovered new exit (range 7) 40194 | -2/Research | Identified exit to Quarantine 40252 | -2/Research | Spotted B-90 Cyclops 40257 | -2/Research | Reprogrammed and armed K-01 Serf 40258 | -2/Research | Reprogrammed and armed K-01 Serf 40261 | -2/Research | Unchained authorized (GL-D0S) 40298 | -2/Research | Fabricated IN-MT5's Pitchfork "Insurrection"? 40312 | -2/Research | Lost 3 parts (1p1n1u) 40383 | -2/Research | Entered Quarantine 40389 | -2/Quarantine | Found Alien Artifact 40551 | -2/Quarantine | Spotted Fortress 40560 | -2/Quarantine | Discovered new exit (range 5) 40560 | -2/Quarantine | Discovered new exit (range 6) 40561 | -2/Quarantine | Identified exit to Protoforge 40561 | -2/Quarantine | Identified exit to Section 7 40562 | -2/Quarantine | Entered Protoforge 40601 | -2/Protoforge | Spotted Hotshot 40601 | -2/Protoforge | Spotted Hotshot 40654 | -2/Protoforge | Lost 3 parts (2n1u) 40687 | -2/Protoforge | Superfortress began startup sequence 40689 | -2/Protoforge | Spotted Hotshot 40692 | -2/Protoforge | Spotted Hotshot 40820 | -2/Protoforge | Spotted B-90 Cyclops 40842 | -2/Protoforge | System corruption reached 10% 40888 | -2/Protoforge | Reprogrammed and armed K-01 Serf 40899 | -2/Protoforge | Core integrity fell below 50% 40930 | -2/Protoforge | Lost 8 parts (4n3u1w) 40944 | -2/Protoforge | Core integrity fell below 20% 40945 | -2/Protoforge | Spotted Hotshot 40945 | -2/Protoforge | Spotted Hotshot 40945 | -2/Protoforge | Spotted Hotshot 40945 | -2/Protoforge | Spotted Hotshot 40946 | -2/Protoforge | Spotted Overlord 40952 | -2/Protoforge | Discovered exit to Access (range 6) 40955 | -2/Protoforge | Entered Access 40955 | -1/Access | Evolved 2 slots: Utility x2 40956 | -1/Access | Delivered the SGEMP Prototype to Zhirov 40956 | -1/Access | Zhirov transferred Access data 40957 | -1/Access | Loaded intel: 115 machine locations 40957 | -1/Access | Loaded intel: 59 trap records 40957 | -1/Access | Identified exit to Surface 40957 | -1/Access | Discovered exit to Surface (range 191) 40957 | -1/Access | Identified exit to Command 40957 | -1/Access | Discovered exit to Command (range 85) 40985 | -1/Access | Reprogrammed and armed K-01 Serf 40995 | -1/Access | Reprogrammed and armed K-01 Serf 41094 | -1/Access | Spotted B-99 Colossus 41098 | -1/Access | Allies destroyed B-99 Colossus 41135 | -1/Access | Found Prototype Ballistic Gun 41139 | -1/Access | Found Hvy. Reflective Plating 41205 | -1/Access | First assault squad dispatched 41249 | -1/Access | Reprogrammed and armed K-01 Serf 41348 | -1/Access | P-80 Master assimilated allied K-01 Serf 41352 | -1/Access | P-80 Master assimilated allied K-01 Serf 41354 | -1/Access | P-80 Master assimilated allied K-01 Serf 41358 | -1/Access | Zhirov warped through subspace 41359 | -1/Access | Reprogrammed and armed K-01 Serf 41360 | -1/Access | Reprogrammed and armed K-01 Serf 41363 | -1/Access | P-80 Master assimilated allied K-01 Serf 41433 | -1/Access | Unchained authorized (CL-0N3) 41438 | -1/Access | Identified Multirail 41485 | -1/Access | Reprogrammed and armed K-01 Serf 41487 | -1/Access | Reprogrammed and armed K-01 Serf 41494 | -1/Access | Reprogrammed and armed K-01 Serf 41498 | -1/Access | Reprogrammed and armed K-01 Serf 41506 | -1/Access | Reprogrammed and armed K-01 Serf 41508 | -1/Access | Reprogrammed and armed K-01 Serf 41569 | -1/Access | Lost 7 allies 41580 | -1/Access | Build established: Scavenger-Skirmisher 41737 | -1/Access | Reprogrammed and armed K-01 Serf 41754 | -1/Access | Reprogrammed and armed K-01 Serf 41794 | -1/Access | U-05 Engineer reconstituted as Combat Programmer 41794 | -1/Access | Spotted Combat Programmer 41806 | -1/Access | Combat Programmer assimilated allied K-01 Serf 41814 | -1/Access | Reprogrammed and armed K-01 Serf 41814 | -1/Access | Combat Programmer assimilated allied K-01 Serf 41820 | -1/Access | Destroyed Combat Programmer 41820 | -1/Access | Combat Programmer reconstituted as CL-0N3 41826 | -1/Access | Reprogrammed and armed K-01 Serf 41862 | -1/Access | Reprogrammed and armed K-01 Serf 41976 | -1/Access | Reprogrammed and armed K-01 Serf 41982 | -1/Access | Reprogrammed and armed K-01 Serf 42088 | -1/Access | P-80 Master assimilated allied K-01 Serf 42094 | -1/Access | Reprogrammed and armed K-01 Serf 42173 | -1/Access | Destroyed 8 combat bots 42341 | -1/Access | W-44 Eye reconstituted as S7 Guard 42341 | -1/Access | Spotted S7 Guard 42364 | -1/Access | Destroyed S7 Guard 42364 | -1/Access | S7 Guard reconstituted as CL-0N3 42566 | -1/Access | Build established: Scavenger-Mutant 42785 | -1/Access | Garrison activated, responded to threat 42819 | -1/Access | Reprogrammed and armed K-01 Serf 42887 | -1/Access | System corruption reached 10% 42975 | -1/Access | High security lockdown imminent 42983 | -1/Access | T-07 Excavator reconstituted as Access Guard 42983 | -1/Access | Spotted Access Guard 43002 | -1/Access | Destroyed Access Guard 43002 | -1/Access | Access Guard reconstituted as CL-0N3 43044 | -1/Access | Lost 3 parts (1p1u1w) 43053 | -1/Access | Identified Subatomic Replicator 43053 | -1/Access | Used Subatomic Replicator to replicate Multirail 43055 | -1/Access | High security lockdown engaged 43079 | -1/Access | Spotted B-99 Colossus 43087 | -1/Access | Spotted B-99 Colossus 43145 | -1/Access | Lost 12 parts (1p4n4u3w) 43428 | -1/Access | Build established: Mutant 43601 | *** | Escaped! Last Messages --------------- 43190_ System corrupted: Heat flow error (+143). 43232_ 4HA %ZC,EG#GSYOBQCKWBMQLHQM4PKT|B:TR7Z 43253_ System corrupted: Component data lost. 43284_ System corrupted: Matter fused (-10). 43307_ System corrupted: Component data lost. 43325_ ALERT: Heavy assault forces dispatched. 43326_ System corrupted: Energy discharge (-94). 43372_ System corrupted: Matter fused (-10). 43396_ System corrupted: FCS attempts to trigger Hvy. Gatling Laser. 43396_ System corrupted: Hvy. Gatling Laser misfires. 43411_ System corrupted: Component data lost. 43427_ System corrupted: Matter fused (-8). 43442_ System corrupted: Energy discharge (-101). 43457_ AJR,W|S7AXXMJNUMRA%KRBDSBXWHDEVMK 43472_ System corrupted: Matter fused (-8). 43491_ K3 SQUFE1MZ#TAHQO5QB0|O:L 43525_ ALERT: Heavy assault forces dispatched. 43539_ System corrupted: Matter fused (-8). 43555_ System corrupted: Matter fused (-6). 43584_ System corrupted: Component data lost. Map ----- +----------------------------------------------------+ | ############### #%%#################### | | ############### #=!=! " ########### | | ############### #=!!% ^ ############# | | ################ # =^! ^ ############# | | ################ #!%*[ ############# | | ################ #%% ############# | | ################ + ^ ############# | | ####################### #%% ############# | | ####################### # ############# | | ####################### ""##################### | | #################### % #################### | | #################### #################### | | #################### %#################### | | #################### %#################### | | #################### BB BB #################### | | #################### BB BB #################### | | #################### #################### | | ####################""""""""" #################### | | ####################""""""""" ######## | | ####################""""""""" ######## | | ####################""""""""" ######## | | ############ C ######## """"" | | ! ############ " " "" ######## """"" | | """"########### " " ######## """"" | | """#""######### " "" " ######## """"" | | R"## ##### " "@ " ######## """"" | | """##= ##### " " ######## | | "" ## ##### """""" ######## | | ##! ##### ######## | | ## ##### ######## | | % ## ####""""""""""""##################+ | | % % ## #####"" ####### | | % ## #####" ####### | | = ## #####" ####### ##########+ | | ## ##### % ####### ##### | | ## #####" [ ####### ##### | | ## #####""! ####### ##### | | #######+######+#####"" | ####### ##### | | ! = | ^ = C % + | | *!! * ! ^ ##### | | ########"####"+############################# | | ######## ########################### | | ##### ########################### | | ##### " ########################### | | ##### """ ########################### | | ##### """ ########################### | | ##### " !################################# | | ##### = ################################# | | ##### ################################# | | ################################################## | +----------------------------------------------------+ Best States ------------- Heat Dissipation 133 Coolant Potential 50 Energy Generation 55 Energy Capacity 935 Matter Stores 550 Matter Capacity 550 Sight Range 23 Robot Scan Range 18 Terrain Scan Range 20 Terrain Scan Density 10 ECM Strength 1 Jamming Range 16 Cloak Strength 2 Power Amplification 40 Additional Mass Support 20 Armor Coverage 1200 Resistance: TH 25 Core Shielding 90 Propulsion Shielding 66 Weapon Shielding 33 Weapon Cycling 25 Evasion (%) 68 Targeting Accuracy 12 Melee Accuracy 12 Target Analysis 8 Core Analysis 8 Recoil Reduction 8 Kinecelleration 50 Salvage Targeting 4 Offensive Hacking 26 Defensive Hacking 28 Authchip Count 1 Trap Extractor Capacity 8 Item Schematics ----------------- IN-MT5's Pitchfork "Insurrection" | -9/Scraptown | Archive Hardcell Cannon | -5/Factory | Hacked Adv. Trap Extractor | -5/Factory | Hacked Q-thruster | -5/Factory | Hacked Multitool | -5/Factory | Scanalyzed Hvy. Armored Exoskeleton | -5/Factory | Scanalyzed Assault Drone Bay | -5/Zhirov | Free Exp. Heat Sink | -5/Zhirov | Free Exp. Optical Array | -5/Zhirov | Free Imp. Arc Thrower | -5/Zhirov | Free Hvy. Shield Leg | -3/Research | Hacked Mni. Smartbomb Launcher | -3/Testing | Archive Enh. Flexi-carbon Leg | -3/Testing | Archive Imp. Energy Well | -3/Testing | Archive Impact Mace | -3/Testing | Archive Thermal Defense Suite | -3/Testing | Archive Proton Burst Cannon | -3/Testing | Archive Exp. Melee Analysis Suite | -3/Testing | Archive Exp. Power Amplifier | -3/Testing | Archive Exp. Terrain Scan Processor | -3/Testing | Archive Exp. Field Recycling Unit | -3/Testing | Archive Exp. Shield Generator | -3/Testing | Archive Cld. Phase Cannon | -3/Testing | Archive Lgt. Antimatter Cannon | -3/Testing | Archive Centrium Heavy Armor Plating | -3/Testing | Archive Kinetic Spear | -3/Testing | Archive Robot Schematics ------------------ R-06 Scavenger | -3/Testing | Archive C-55 Analyst | -3/Testing | Archive Y-72 Warden | -3/Testing | Archive Fabricated ------------ IN-MT5's Pitchfork "Insurrection" | x1 | -6/Factory IN-MT5's Pitchfork "Insurrection" | x1 | -6/Factory IN-MT5's Pitchfork "Insurrection" | x1 | -5/Factory | Authchip IN-MT5's Pitchfork "Insurrection" | x1 | -5/Factory IN-MT5's Pitchfork "Insurrection" | x1 | -5/Factory P-70 Sage | x2 | -5/Factory | Preloaded IN-MT5's Pitchfork "Insurrection" | x1 | -5/Factory | Authchip IN-MT5's Pitchfork "Insurrection" | x1 | -5/Factory Adv. Trap Extractor | x2 | -5/Factory IN-MT5's Pitchfork "Insurrection" | x1 | -5/Factory IN-MT5's Pitchfork "Insurrection" | x1 | -4/Factory IN-MT5's Pitchfork "Insurrection" | x1 | -4/Armory IN-MT5's Pitchfork "Insurrection" | x1 | -3/Testing IN-MT5's Pitchfork "Insurrection" | x1 | -2/Research IN-MT5's Pitchfork "Insurrection" | x1 | -2/Research Repaired ---------- Lyr. Medium Armor Plating | 22% | -6/Factory Gravmag Array | 1% | -5/Factory Gravmag Array | 3% | -5/Factory Com. Particle Reactor | 2% | -5/Factory Hvy. Armored Exoskeleton | 50% | -5/Factory Centrium Heavy Armor Plating | 53% | -5/Factory Centrium Medium Armor Plating | 38% | -5/Factory Exp. Shield Generator | 15% | -4/Factory Centrium Heavy Armor Plating | 19% | -4/Armory Exp. Shield Generator | 99% | -3/Research | Broken Studied --------- Gravmag Array | -6/Factory | Hacked Cmb. Airjet | -5/Factory | Hacked Mic. Fission Core | -5/Factory | Hacked Antigrav Array | -3/Research | Hacked Lgt. Antimatter Reactor | -3/Testing | Hacked Lgt. Angular Momentum Engine | -3/Testing | Hacked Impulse Thruster Array | -3/Testing | Hacked Lgt. Particle Reactor | -3/Testing | Hacked Field Propulsion Array | -2/Research | Hacked Imp. Ion Engine | -2/Research | Hacked Adv. Surge Thruster | -2/Quarantine | Hacked Alien Tech Used ----------------- Integrated Reactor Transdimensional Reconstructor Subatomic Replicator Achievements -------------- None Challenges ------------ None Game ------ Seed UltimateSwarmManipulator Manual? 0 Play Time 09:24:32 Cumulative 1214.1 hours Start 2026.01.04 @ 02:53:57 End 2026.01.04 @ 13:00:12 Sessions 1 Manual Loads 0 Difficulty Rogue Special Mode None Game No. 421 Rogue 416 Adventurer 4 Explorer 1 Win Type 0 Total 26 Types 14/5/1/2/0/1/0/0/2/1 Lore% 97 Gallery% 95 Achievement% 82 Wizard Run 0 Options --------- Layout 0 ASCII 0 Keyboard 0 Movement Numpad Keybinds 0 Fullscreen 2 Font 18/SmallcapsGlow Map View 76x50 Zoom Use 0% Tactical HUD 1 Map Filters NONE Filters NONE Steam 1 RUN: b23fd34b-e4ad-41a2-9feb-6e8bbe691c4a